 Dungeon Crawl Stone Soup version 0.30-a0-772-g5528072125 (webtiles) character file.

Game seed: 13119883676599055399

15307127 Monkooky the Conqueror (level 27, 249/249 HPs)
             Began as a Gnoll Delver on Feb 10, 2023.
             Was the Champion of Cheibriados.
             Escaped with the Orb
             ... and 15 runes on Feb 12, 2023!
             The game lasted 07:36:18 (102385 turns).

Monkooky the Conqueror (Gnoll Delver)             Turns: 102385, Time: 07:36:18

Health: 249/249    AC: 41    Str: 27    XL:     27
Magic:  46/60      EV: 57    Int: 30    God:    Cheibriados [******]
Gold:   7004       SH: 42    Dex: 50    Spells: 2/75 levels left

rFire   + + .      SeeInvis +    b - +3 Elemental Staff {rElec rF++ rC++ AC+5}
rCold   + + .      Faith    .    V - +2 tower shield {rN+}
rNeg    + + +      Spirit   .    U - +7 swamp dragon scales
rPois   +          Reflect  +    G - +2 helmet
rElec   +          Harm     .    h - +2 cloak {Will+}
rCorr   +          Rampage  .    r - +0 pair of fencer's gloves {Riposte Dex+3}
Will    ++++.                    f - +2 pair of boots {Fly}
Stlth   ++++++                   B - amulet of the Many Friends {Reflect MP+9 Dex+6 SH+5}
HPRegen 0.61/turn                d - ring of Shadows {Umbra +Inv Stlth+}
MPRegen 0.37/turn                F - ring "Loafaop" {Contam rN+++ rCorr Dex+6 SInv}

@: flying, wreathed by umbra, studying 4 skills, very slow
A: fangs 1, strong nose, distributed training, talons 2, clumsy 1, deterioration
1, strong-willed 1, electricity resistance, inability to drink after injury 1
0: Orb of Zot
}: 15/15 runes: decaying, slimy, silver, golden, iron, obsidian, icy, bone,
abyssal, demonic, glowing, magical, fiery, dark, gossamer
a: Renounce Religion, Evoke Invisibility, Bend Time, Temporal Distortion,
Slouch, Step From Time


You escaped.
You worshipped Cheibriados.
Cheibriados was exalted by your worship.
You visited 17 branches of the dungeon, and saw 85 of its levels.
You visited Pandemonium 3 times, and saw 16 of its levels.
You visited the Abyss 2 times.
You visited 1 bazaar.
You also visited: Trove, Ossuary, Bailey, Gauntlet, Ice Cave, Volcano and Wizlab.

You collected 17224 gold pieces.
You spent 10220 gold pieces at shops.

Inventory:

Hand Weapons
 a - a +9 hand crossbow of freezing
 b - the +3 Elemental Staff (weapon) {rElec rF++ rC++ AC+5}
   (You acquired it on level 1 of the Lair of Beasts)

   It enhances your fire, ice, earth and air magic.
   AC:        It affects your AC (+5).
   rF:        It greatly protects you from fire.
   rC:        It greatly protects you from cold.
   rElec:     It insulates you from electricity.
Missiles
 v - 17 javelins
 E - 8 boomerangs (quivered)
 I - 2 throwing nets
Armour
 f - a +2 pair of boots of flying (worn)
 h - a +2 cloak of willpower (worn)
 o - the +9 scales of the Dragon King {rPois rF+ rC+ Will+}
   (You took it off a balrug on level 7 of Gehenna)

   rF:        It protects you from fire.
   rC:        It protects you from cold.
   rPois:     It protects you from poison.
   Will:      It increases your willpower.
 r - the +0 pair of fencer's gloves (worn) {Riposte Dex+3}
   (You found it in a Gauntlet)

   Riposte:   It allows the wearer to riposte with melee weapons, swiftly
   retaliating against missed or blocked melee attacks.
   Dex:       It affects your dexterity (+3).
 G - a +2 helmet (worn)
 U - +7 swamp dragon scales (worn)
 V - a +2 tower shield of positive energy (worn)
Jewellery
 d - the ring of Shadows (left hand) {Umbra +Inv Stlth+}
   (You took it off a deep elf demonologist on level 3 of the Elven Halls)

   [ring of stealth]

   Umbra:     It surrounds you with an aura of shadow, increasing your stealth
   and reducing the accuracy of all others within it.
   +Inv:      It lets you turn invisible.
   Stlth:     It makes you more stealthy.
 B - the amulet of the Many Friends (around neck) {Reflect MP+9 Dex+6 SH+5}
   (You found it in a treasure trove)

   [amulet of reflection]

   It reflects blocked missile attacks.
   Dex:       It affects your dexterity (+6).
   MP:        It affects your magic capacity (+9).
   SH:        It affects your SH (+5).
 F - the ring "Loafaop" (right hand) {Contam rN+++ rCorr Dex+6 SInv}
   (You found it in Pandemonium)

   [ring of dexterity]

   Dex:       It affects your dexterity (+6).
   rN:        It renders you almost immune to negative energy.
   SInv:      It lets you see invisible.
   Contam:    It causes magical contamination when unequipped.
   rCorr:     It protects you from acid and corrosion.
 Q - the ring of Heumiuph {Int+6 Dex+6}
   (You found it in an ice cave)

   [ring of dexterity]

   Int:       It affects your intelligence (+6).
   Dex:       It affects your dexterity (+6).
 T - the ring of Mattaf {rN+ Will+ rCorr Int+3 Slay+2 SInv}
   (You found it in a treasure trove)

   [ring of willpower]

   Int:       It affects your intelligence (+3).
   Slay:      It affects your accuracy & damage with ranged weapons and melee
   (+2).
   rN:        It protects you from negative energy.
   SInv:      It lets you see invisible.
   rCorr:     It protects you from acid and corrosion.
   Will:      It increases your willpower.
Wands
 g - a wand of digging (4)
 i - a wand of charming (54)
 P - a wand of acid (28)
 W - a wand of iceblast (39)
Scrolls
 c - 5 scrolls of fog
 n - 5 scrolls of amnesia
 y - 24 scrolls of fear
 z - 19 scrolls of teleportation
 A - 4 scrolls of silence
 H - 9 scrolls of poison
 N - 14 scrolls of immolation
 O - 5 scrolls of blinking
 S - 6 scrolls of butterflies
Potions
 l - 12 potions of brilliance
 p - 3 potions of mutation
 q - 6 potions of heal wounds
 s - 6 potions of attraction
 t - 4 potions of ambrosia
 u - 13 potions of lignification
 x - 2 potions of cancellation
 K - 14 potions of might
 L - 2 potions of magic
 M - 8 potions of resistance
 Y - 30 potions of curing
 Z - 10 potions of invisibility
Miscellaneous
 e - a tin of tremorstones (2/2)
 j - a figurine of a ziggurat
 k - a condenser vane
 m - the horn of Geryon
 w - a box of beasts
 J - a phantom mirror
 R - a phial of floods
 X - a lightning rod (4/4)


   Skills:
 O Level 27 Fighting
 + Level 24.9 Short Blades
 + Level 25.3 Long Blades
 O Level 27 Axes
 + Level 24.9 Maces & Flails
 + Level 24.9 Polearms
 + Level 25.2 Staves
 + Level 24.9 Ranged Weapons
 + Level 24.9 Throwing
 + Level 24.9 Armour
 + Level 25.3 Dodging
 + Level 26.2 Stealth
 O Level 27 Shields
 O Level 27 Unarmed Combat
 + Level 24.9 Spellcasting
 + Level 21.4 Conjurations
 + Level 21.4 Hexes
 + Level 21.4 Summonings
 + Level 21.4 Necromancy
 + Level 21.4 Translocations
 + Level 21.4 Transmutations
 + Level 21.4 Fire Magic
 + Level 21.4 Ice Magic
 + Level 21.4 Air Magic
 + Level 21.4 Earth Magic
 + Level 21.4 Poison Magic
 + Level 26.9 Invocations
 + Level 24.9 Evocations


You had 2 spell levels left.
You knew the following spells:

 Your Spells              Type           Power      Damage    Failure   Level
a - Wereblood             Tmut           100%       N/A       0%          2
b - Apportation           Tloc           100%       N/A       0%          1
c - Passwall              Tmut/Erth      100%       N/A       0%          2
d - Ozocubu's Refrigerat  Ice            64%        4d21      1%          7
e - Iron Shot             Conj/Erth      64%        9d12      1%          6
f - Blink                 Tloc           100%       N/A       0%          2
g - Borgnjor's Vile Clut  Necr/Erth      64%        N/A       0%          5
h - Irradiate             Conj/Tmut      52%        3d29      0%          5
i - Yara's Violent Unrav  Hex/Tmut       52%        3d20      0%          5
j - Lesser Beckoning      Tloc           100%       N/A       0%          2
k - Enfeeble              Hex            52%        N/A       1%          7
l - Ignition              Fire           64%        3d17      1%          8
m - Manifold Assault      Tloc           100%       N/A       0%          4
n - Disjunction           Tloc           52%        N/A       1%          8
o - Shatter               Erth           64%        3d48*     14%         9

Your spell library contained the following spells:

 Spells                   Type           Power      Damage    Failure   Level
 Beastly Appendage        Tmut           100%       N/A       0%          1
 Kiss of Death            Conj/Necr      100%       2d13      0%          1
 Necrotise                Necr           100%       1d9       0%          1
 Sandblast                Erth           100%       2d20      0%          1
 Slow                     Hex            100%       N/A       0%          1
 Sting                    Tmut/Pois      100%       1d8       0%          1
 Summon Small Mammal      Summ           100%       N/A       0%          1
 Cigotuvi's Dreadful Rot  Necr/Pois/Air  100%       N/A       0%          2
 Ensorcelled Hibernation  Hex/Ice        100%       N/A       0%          2
 Momentum Strike          Conj/Tloc      100%       3d10      0%          2
 Poisonous Vapours        Pois/Air       100%       N/A       0%          2
 Scorch                   Fire           100%       2d10      0%          2
 Static Discharge         Conj/Air       100%       2-7/arc   0%          2
 Call Canine Familiar     Summ           100%       N/A       0%          3
 Confusing Touch          Hex            100%       N/A       0%          3
 Dazzling Flash           Conj/Hex       100%       N/A       0%          3
 Frozen Ramparts          Ice            100%       1d16      0%          3
 Hailstorm                Conj/Ice       100%       3d20      0%          3
 Ignite Poison            Fire/Tmut/Pois 100%       N/A       0%          3
 Inner Flame              Hex/Fire       100%       N/A       0%          3
 Mephitic Cloud           Conj/Pois/Air  100%       N/A       0%          3
 Ozocubu's Armour         Ice            100%       N/A       0%          3
 Portal Projectile        Hex/Tloc       100%       N/A       0%          3
 Spider Form              Tmut/Pois      100%       N/A       0%          3
 Stone Arrow              Conj/Erth      100%       3d13      0%          3
 Summon Guardian Golem    Hex/Summ       100%       N/A       0%          3
 Swiftness                Air            100%       N/A       0%          3
 Tukima's Dance           Hex            100%       N/A       0%          3
 Vampiric Draining        Necr           100%       2d13      0%          3
 Vhi's Electric Charge    Tloc/Air       100%       N/A       0%          3
 Airstrike                Air            64%        2d(10-26) 0%          4
 Anguish                  Hex/Necr       52%        N/A       0%          4
 Animate Armour           Summ/Erth      100%       N/A       0%          4
 Animate Dead             Necr           100%       N/A       0%          4
 Cause Fear               Hex            52%        N/A       0%          4
 Dispel Undead            Necr           100%       3d31      0%          4
 Flame Wave               Conj/Fire      100%       2d21      0%          4
 Ice Form                 Ice/Tmut       100%       N/A       0%          4
 Iskenderun's Mystic Bla  Conj/Tloc      100%       2d19      0%          4
 Leda's Liquefaction      Hex/Erth       64%        N/A       0%          4
 Olgreb's Toxic Radiance  Pois           100%       N/A       0%          4
 Passage of Golubria      Tloc           100%       N/A       0%          4
 Petrify                  Tmut/Erth      100%       N/A       0%          4
 Sticky Flame             Conj/Fire      100%       2d11      0%          4
 Summon Ice Beast         Ice/Summ       100%       N/A       0%          4
 Summon Lightning Spire   Summ/Air       100%       N/A       0%          4
 Agony                    Necr           100%       N/A       0%          5
 Alistair's Intoxication  Tmut/Pois      70%        N/A       0%          5
 Arcjolt                  Conj/Air       64%        1d74      0%          5
 Blade Hands              Tmut           52%        N/A       0%          5
 Fireball                 Conj/Fire      64%        3d24      0%          5
 Freezing Cloud           Conj/Ice/Air   77%        6-21      0%          5
 Iskenderun's Battlesphe  Conj           100%       2d15      0%          5
 Lee's Rapid Deconstruct  Erth           64%        3d29*     0%          5
 Lightning Bolt           Conj/Air       64%        1d88      0%          5
 Metabolic Englaciation   Hex/Ice        64%        N/A       0%          5
 Summon Forest            Summ/Tloc      52%        N/A       0%          5
 Summon Mana Viper        Hex/Summ       100%       N/A       0%          5
 Conjure Ball Lightning   Conj/Air       64%        3x3d23    1%          6
 Death Channel            Necr           52%        N/A       1%          6
 Dispersal                Tloc           52%        N/A       1%          6
 Eringya's Noxious Bog    Tmut/Pois      52%        N/A       1%          6
 Simulacrum               Ice/Necr       64%        N/A       1%          6
 Starburst                Conj/Fire      64%        6d17      1%          6
 Statue Form              Tmut/Erth      86%        N/A       1%          6
 Summon Cactus Giant      Summ           52%        N/A       1%          6
 Dragon Form              Tmut           52%        N/A       1%          7
 Haunt                    Necr/Summ      52%        N/A       1%          7
 Monstrous Menagerie      Summ           52%        N/A       1%          7
 Orb of Destruction       Conj           52%        9d13      1%          7
 Spellforged Servitor     Conj/Summ      52%        N/A       1%          7
 Summon Hydra             Summ           52%        N/A       1%          7
 Borgnjor's Revivificati  Necr           52%        N/A       1%          8
 Discord                  Hex            52%        N/A       1%          8
 Infestation              Necr           52%        N/A       1%          8
 Necromutation            Tmut/Necr      52%        N/A       1%          8
 Chain Lightning          Conj/Air       64%        3d86      14%         9
 Death's Door             Necr           52%        N/A       14%         9
 Dragon's Call            Summ           52%        N/A       14%         9
 Fire Storm               Conj/Fire      64%        8d16      14%         9
 Polar Vortex             Ice            64%        N/A       14%         9


Dungeon Overview and Level Annotations

Branches:
Dungeon (15/15)            Temple (0/1) D:7            Lair (5/5) D:8
  Swamp (4/4) Lair:3       Spider (4/4) Lair:3        Slime (5/5) Lair:4
    Orc (2/2) D:10            Elf (3/3) Orc:2        Vaults (5/5) D:14
  Crypt (3/3) Vaults:2       Tomb (3/3) Crypt:3      Depths (4/4) D:15
   Hell (visited)             Dis (7/7) Hell            Geh (7/7) Hell
    Coc (7/7) Hell            Tar (7/7) Hell            Zot (5/5) Depths:4
Ossuary (visited)          Bailey (visited)           IceCv (visited)
Volcano (visited)          WizLab (visited)         Gauntlet (visited)

Altars:
Cheibriados
Gozag
Hepliaklqana
Kikubaaqudgha
Makhleb
Uskayaw
Wu Jian
Xom
Jiyva

Shops:
D:3 *   D:7 *   D:9 !(!=[   D:12 ?   Orc:1 :   Orc:2 [=([   Elf:3 [
Vaults:4 [   Depths:3 (

Portals:
Hell: Depths:1 Depths:2 Depths:3 Depths:4
Abyss: Lair:3 Depths:1 Depths:3
Pandemonium: Depths:2 Depths:3
Ziggurat: Depths:4

Annotations:
D:7 exclusion: oklob sapling
D:13 1 runed translucent door, exclusion: downstairs
Lair:1 2 transporters
Lair:3 2 transporters, BigDaddyOpFi's ghost, journeyman HOFi
Elf:1 6 runed translucent doors
Tomb:1 exclusion: 5 doors
Dis:7 Dispater
Geh:7 Asmodeus
Coc:7 Antaeus
Tar:7 Ereshkigal
Zot:5 Gloorx Vloq


Innate Abilities, Weirdness & Mutations

You have very sharp teeth.
Your uncanny sense of smell can sniff out nearby items.
Your experience applies equally to all skills.
You have razor-sharp toenails.
You are clumsy. (Dex -2)
Your body sometimes deteriorates upon taking damage.
You are strong-willed. (Will+)
You are resistant to electric shocks. (rElec)
You occasionally lose the ability to drink potions when taking damage.


Message History

It stops flaming.
The cherub wields a +0 shortbow.
The cherub shoots an arrow.
You reflect the arrow off an invisible shield around you!
The arrow barely misses the cherub.
Casting: Ignition (mildly dangerous; 1% risk of failure)
Confirm with . or Enter, or press ? or * to list all spells.
Okay, then.
Aiming: Dig
Press: ? - help, Shift-Dir - straight line This square is wreathed by an umbra and is covered in magical glow.
The rock shatters into small pieces.
A daeva comes into view.
It is wielding a +3 scimitar of holy wrath.
Blink to where?
Press: ? - help, Dir - move target
As you read the scroll of blinking, it crumbles to dust.
An orange demon comes into view.
Aiming: Dig
Press: ? - help, Shift-Dir - straight line You can't see that place. [a stone staircase leading up.]
The rock shatters into small pieces.
The orange demon completely misses you. You block the orange demon's attack.
The orange demon completely misses you.
The seraph gestures.
You block the orange demon's attack.
You riposte.
There is a stone staircase leading up here.
The angel dissolves into sparkling lights!
You block the orange demon's attack.
The cherub sings a powerful hymn!
You hear a shout!
You fly upwards.
Your magical contamination has completely faded away.
There is a stone staircase leading down here.
Aiming: Dig
Press: ? - help, Shift-Dir - straight line A rock wall.
This square is wreathed by an umbra and is covered in magical glow.
The rock shatters into small pieces.
There is an escape hatch in the floor here.
There is a staircase leading out of the dungeon here.
You have escaped!

..#.######..##..##..######.######
..#.# #.#..##..##............###
..#.# #.#..........#...####.....
..#.####.#.###..##..#.#.#........
..#...................#.#.##.....
..######.#.......................
..#................#'##.#.###.##.
..#.###..#.....#####.##..........
...............#@....##.#.....##)
.#..................>............
.#..#....#.#.......###......#.>..
...........#.#.#.#.#.#..##..#....
.#.....#..##.#.#.................
.#.............#..##.########....
###.......##.##.#................
..........##.#.###.....######..##
###.#.....#...#.#.##.### #..#


There were no monsters in sight!

Vanquished Creatures
  the Royal Jelly (Slime:5)
  Lom Lobon (Pan)
  Mnoleg (Pan)
  8 dread liches
  Khufu (Crypt:1)
  14 ancient liches
  3 orbs of fire
  3 pandemonium lords (Pan)
  A juggernaut (Dis:7)
  Sojobo (Vaults:3)
  16 royal mummies
  Josephina (Depths:1)
  Frederick (Vaults:5)
  11 shard shrikes
  Boris (thrice) (Vaults:2 Vaults:3 Vaults:5)
  Saint Roka (Vaults:1)
  25 caustic shrikes
  Geryon (Hell)
  9 golden dragons
  Nikola (Elf:2)
  A pearl dragon (Pan)
  11 profane servitors
  6 bone dragons
  8 doom hounds
  14 Tzitzimimeh
  A shard shrike zombie (Crypt:2)
  16 Ice Fiends
  15 hellephants
  Zenata (Crypt:1)
  22 Brimstone Fiends
  A walking crystal tome (Depths:2)
  13 iron giants
  An electric golem (Zot:3)
  A spectral shard shrike (Tar:6)
  10 liches
  Jorgrun (Elf:2)
  24 Hell Sentinels
  22 tentacled monstrosities
  11 tainted leviathans
  11 Orb Guardians
  Asterion (Vaults:1)
  17 titans
  13 acid blobs
  3 deep elf blademasters
  A walking divine tome (Depths:3)
  2 deep elf master archers (Elf:3)
  25 searing wretches
  23 ancient champions
  19 Executioners (Pan)
  6 quicksilver dragons
  10 death cobs
  Kirke (Spider:4)
  10 sphinxes
  13 storm dragons
  6 tentacled starspawn
  7 shadow dragons
  7 tengu reavers
  15 daevas
  6 draconian monks
  17 fire giants
  A revenant (Tomb:3)
  7 draconian knights
  7 azure jellies
  11 rockslimes
  8 deep elf sorcerers
  Donald (Vaults:1)
  9 narguns
  7 demonspawn warmongers (Pan)
  Aizul (Vaults:1)
  7 quicksilver elementals
  5 shard shrike simulacra
  33 balrugs
  4 iron dragons
  7 deep elf elementalists (Elf:3)
  6 frost giants
  3 emperor scorpions (Spider:4)
  7 draconian shifters
  6 draconian stormcallers
  5 orc warlords
  12 vault wardens
  8 ghouls
  14 angels
  30 war gargoyles
  11 draconian annihilators
  11 draconian scorchers
  19 cacodemons
  11 ghost moths
  58 very ugly things
  10 quicksilver oozes
  7 reapers
  5 ironbound thunderhulks
  A caustic shrike skeleton (Pan)
  A curse skull (Pan)
  16 stone giants
  4 broodmothers (Spider:4)
  9 ophanim (Pan)
  12 vampire knights
  4 demonspawn corrupters (Pan)
  13 ironbound preservers
  9 apis (Pan)
  9 demonspawn blood saints (Pan)
  17 elemental wellsprings
  4 demonspawn black suns (Pan)
  6 eleionomae
  7 deep elf demonologists
  19 wendigos
  8 lorocyprocas
  15 green draconians
  10 black draconians
  A spectral titan (Tar:2)
  16 red draconians
  An eleionoma (shapeshifter) (Depths:4)
  19 purple draconians
  18 putrid mouths
  4 bunyips
  3 dire elephants (Vaults:2)
  2 bennus (Tomb:3)
  16 yellow draconians
  10 deep elf annihilators
  6 eidola
  14 spark wasps
  9 white draconians
  A minotaur (Gauntlet)
  22 blizzard demons
  6 ettins
  18 iron golems
  7 deep elf death magi
  19 jiangshi
  4 fire dragons
  35 green deaths
  16 mummy priests
  A shambling mangrove (Swamp:4)
  An acid blob zombie (Crypt:2)
  3 deep elf high priests
  A spectral kraken (Tar:7)
  8 entropy weavers
  A spectral fenstrider witch (Tar:1)
  13 yaktaur captains
  6 rakshasas
  9 great orbs of eyes
  15 ice dragons
  A quicksilver dragon skeleton (Pan)
  25 vault guards
  2 spectral spriggans
  5 spriggan air magi
  A fenstrider witch skeleton (Tomb:3)
  A radroach (Spider:4)
  8 caustic shrike simulacra
  5 juggernaut simulacra
  19 hydras
  2 ghost crabs
  2 jorogumos
  2 salamander tyrants
  14 boulder beetles
  2 peacekeepers
  4 spriggan skeletons
  3 catoblepae
  16 two-headed ogres
  A bennu skeleton (Crypt:2)
  10 deep troll shamans
  3 ogre magi
  9 alligators
  5 stokers
  4 ironbound frosthearts
  39 death scarabs
  Erica (D:9)
  29 dancing weapons
  8 deep troll earth magi
  7 tengu warriors
  4 thrashing horrors
  16 centaur warriors
  39 hell hogs
  15 hell knights
  11 vampire magi
  5 orc high priests
  A titan zombie (Hell)
  Urug (Orc:2)
  23 soul eaters
  4 spriggan berserkers
  A spectral naga (Tar:6)
  64 sun demons
  14 deep elf knights
  An emperor scorpion zombie (Crypt:3)
  A wretched star (Abyss:2)
  6 pharaoh ants
  A fire crab (Volcano)
  18 sixfirhies
  17 crystal echidnas
  16 iron trolls
  7 shadow wraiths
  2 titan skeletons
  A spectral bunyip (Tar:2)
  A storm dragon skeleton (Crypt:3)
  6 goliath frogs
  10 orb spiders
  24 skeletal warriors
  2 sun moths
  A spectral anaconda (Tar:6)
  2 skysharks (Lair:3)
  13 swamp dragons
  An anaconda zombie (Crypt:2)
  A spectral iron dragon (Tar:2)
  7 spriggan druids
  5 quicksilver dragon simulacra
  8 shadow demons
  40 deep trolls
  7 cherubim (Pan)
  A tengu zombie (Crypt:2)
  8 glowing orange brains
  3 flayed ghosts (Crypt:2)
  17 bog bodies
  A shadow dragon zombie (Vaults:5)
  An anaconda skeleton (Pan)
  4 orange crystal statues
  7 ironbound convokers
  4 spriggan simulacra
  13 deep elf archers
  10 wizards
  A spectral hydra (Tar:6)
  6 phantasmal warriors
  A bunyip skeleton (Hell)
  Pikel (D:9)
  10 lindwurms
  5 steelbarb worms
  9 necromancers
  A shadow dragon skeleton (Crypt:2)
  7 starcursed masses
  22 deep elf zephyrmancers
  A spectral ettin (Tar:2)
  24 deep elf pyromancers
  7 manticores
  9 orc knights
  4 will-o-the-wisps
  44 ugly things
  10 orc sorcerers
  A wolf spider zombie (Crypt:1)
  An eleionoma zombie (Crypt:2)
  6 oklob plants (Lair:4)
  25 wolf spiders
  A human zombie (Vaults:4)
  An iron dragon skeleton (Crypt:2)
  5 cyclopes
  A fire giant zombie (Vaults:2)
  A shining eye (Slime:5)
  21 moths of wrath
  A worldbinder (Abyss:2)
  A toenail golem (Zot:5)
  A spectral centaur (Tar:2)
  6 elephants (Lair:3)
  A frost giant skeleton (Vaults:5)
  A guardian serpent (Lair:5)
  An apocalypse crab (Abyss:1)
  A dire elephant zombie (Crypt:2)
  2 fire giant skeletons
  7 rust devils
  4 stone giant skeletons
  A water nymph (shapeshifter) (Vaults:5)
  10 black mambas
  A gargoyle (D:14)
  15 demonic crawlers
  5 ice statues
  6 titan simulacra
  3 eyes of devastation
  20 cane toads
  68 smoke demons
  24 orange demons
  4 centaur skeletons
  4 molten gargoyles
  2 dire elephant skeletons
  20 hellions
  An unseen horror (Pan)
  3 torpor snails
  A minotaur zombie (Crypt:3)
  Maggie (D:7)
  A yaktaur zombie (Vaults:4)
  13 vault sentinels
  4 storm dragon simulacra
  2 rime drakes
  A naga skeleton (Crypt:2)
  3 freezing wraiths
  8 spectral swamp worms (Tar:7)
  5 ice devils
  5 anaconda simulacra
  12 efreet
  30 tormentors
  4 tengu conjurers
  A black draconian skeleton (Crypt:3)
  4 komodo dragons
  28 yaktaurs
  64 guardian mummies
  A white draconian skeleton (Crypt:3)
  3 polar bears
  4 harpy zombies
  5 trolls
  4 red devils
  2 spectral harpies (Tar:2)
  27 hellwings
  3 iron giant simulacra (Coc:7)
  A shadow dragon simulacrum (Depths:2)
  8 blink frogs
  13 golden dragon simulacra
  3 bloated husks
  A hydra skeleton (Pan)
  5 meliai
  A culicivora zombie (Crypt:1)
  11 tyrant leeches
  A harpy skeleton (Crypt:1)
  24 tarantellas
  6 hornets
  A sphinx simulacrum (Depths:2)
  5 raiju
  A jumping spider zombie (Crypt:2)
  4 stone giant simulacra
  5 dream sheep (Lair:5)
  27 flying skulls
  4 iron dragon simulacra
  63 slime creatures
  2 frost giant simulacra
  3 shadows
  2 air elementals (Elf:2)
  22 jumping spiders
  2 ettin skeletons (Pan)
  35 ynoxinuls
  41 large abominations
  9 water elementals
  25 culicivoras
  A vampire (D:14)
  4 wraiths
  10 naga simulacra
  11 spriggans
  53 yaks
  3 centaur simulacra (Gauntlet)
  5 fire bats (Volcano)
  14 wyverns
  8 dire elephant simulacra
  A hog (Spider:4)
  A black mamba skeleton (Pan)
  A fire elemental (Elf:1)
  18 ushabtiu
  3 steam dragons
  A slime creature zombie (Crypt:2)
  3 basilisks
  22 chaos spawn
  23 golden eyes
  11 vampire mosquitoes
  71 redbacks
  A human simulacrum (Vaults:5)
  37 neqoxecs
  A glowing shapeshifter zombie (Vaults:2)
  A yaktaur simulacrum (Vaults:5)
  A naga zombie (Hell)
  7 wargs
  11 swamp worms
  18 harpy simulacra
  21 water moccasins
  Duvessa (D:7)
  An entropy weaver zombie (Crypt:1)
  A floating eye (Depths:2)
  7 hell hounds
  4 hydra simulacra
  A two-headed ogre skeleton (Crypt:2)
  11 swamp drakes
  4 ettin simulacra
  7 black bears
  3 sky beasts
  A swamp dragon zombie (Crypt:1)
  36 orc warriors
  15 ogres
  A black mamba simulacrum (Crypt:1)
  13 wolves
  4 ice dragon simulacra (IceCv)
  A boggart (Vaults:2)
  A human skeleton (Vaults:2)
  A lemure (D:9)
  7 centaurs (D:15)
  A fire crab zombie (Crypt:3)
  2 kobold brigands
  9 necrophages
  6 earth elementals
  9 bullfrogs
  2 gnoll sergeants
  A cane toad simulacrum (Gauntlet)
  6 scorpions
  12 wights
  11 small abominations
  Dowan (D:7)
  6 lindwurm simulacra (IceCv)
  19 killer bees
  A yak skeleton (Crypt:1)
  A howler monkey (D:9)
  6 electric eels
  5 lava snakes (Lair:4)
  A quasit (Abyss:2)
  3 jellies
  3 centaur zombies (Ossuary)
  22 orc priests
  5 hounds
  A bullfrog skeleton (Crypt:1)
  A bullfrog zombie (Ossuary)
  2 gnoll boudas
  An iron imp (Abyss:4)
  Crazy Yiuf (D:3)
  4 iguanas
  26 orc wizards
  A scorpion zombie (Ossuary)
  7 hell rats (Hell)
  21 mummies
  3 adders (D:4)
  27 gnolls
  A shadow imp (D:8)
  3 white imps
  2 adder zombies (Ossuary)
  2 worms
  5 dart slugs
  118 orcs
  3 bats
  6 endoplasms
  2 giant cockroaches (D:4)
  2 gnoll zombies (Ossuary)
  9 goblins
  10 hobgoblins
  2 jackals
  3 quokkas
  2 ball pythons
  5 frilled lizards
  A frilled lizard zombie (Crypt:3)
  A gnoll skeleton (Crypt:3)
  5 goblin zombies (Ossuary)
  2 hobgoblin zombies (Ossuary)
  21 kobolds
  2 orc skeletons (Crypt:1)
  7 orc zombies (Ossuary)
  A quokka zombie (Crypt:3)
  2 rats
  8 creeping infernos
  52 fire vortices
  4 starspawn tentacles (Abyss:2)
  4 tentacles (Tar:7)
3981 creatures vanquished.

Vanquished Creatures (collateral kills)
  Cerebov (Pan)
  A pandemonium lord (Pan)
  The ghost of Gucom the Gnoll Aeon, a veteran GnFi of Cheibriados (Depths:1)
  A golden dragon (Vaults:5)
  A bone dragon (Hell)
  An iron giant (Dis:7)
  A lich (Depths:1)
  3 acid blobs (Slime:5)
  2 searing wretches (Geh:7)
  A nargun (Coc:4)
  A daeva (Pan)
  A vault warden (Vaults:2)
  3 ironbound preservers
  An angel (Pan)
  An orc warlord (Vaults:4)
  4 very ugly things (Vaults:3)
  A stone giant (Vaults:4)
  A dire elephant (Vaults:2)
  A black draconian (Zot:1)
  A white draconian (Zot:1)
  A deep elf annihilator (Vaults:5)
  5 vault guards
  An ironbound frostheart (Vaults:4)
  A stoker (Geh:7)
  A caustic shrike simulacrum (Coc:4)
  A centaur warrior (Vaults:2)
  A hell hog (Geh:3)
  A soul eater (Pan)
  A pharaoh ant (Spider:4)
  9 deep trolls
  An orc knight (Vaults:4)
  A deep elf zephyrmancer (Elf:2)
  A shining eye (Slime:4)
  3 ugly things
  A rust devil (Pan)
  An eye of devastation (Slime:3)
  A molten gargoyle (Hell)
  A torpor snail (Spider:4)
  3 yaktaurs
  5 slime creatures
  A hog (Spider:4)
  4 hell rats (Hell)
  A fire vortex (Geh:7)
74 creatures vanquished.

Vanquished Creatures (others)
  A dread lich (Pan)
  3 eldritch tentacles
  2 storm dragons (Zot:3)
  A shadow dragon (Vaults:5)
  3 shard shrike simulacra (Coc:7)
  2 elemental wellsprings
  A lorocyproca (Pan)
  A juggernaut simulacrum (Coc:3)
  2 sun demons
  A deep elf knight (Elf:1)
  A spriggan simulacrum (Coc:6)
  2 deep elf zephyrmancers (Elf:1)
  A smoke demon (Pan)
  A hellion (Geh:3)
  An iron giant simulacrum (Coc:3)
  A bloated husk (Swamp:1)
  An iron dragon simulacrum (Coc:4)
  A flying skull (Crypt:2)
  An ettin simulacrum (Coc:3)
  An orc priest (Elf:1)
  2 ball lightnings (Pan)
  A bush (Lair:5)
  23 demonic plants (Gauntlet)
  A fire vortex (Geh:3)
  4 foxfires (Swamp:2)
  75 fungi
  152 plants
  13 starspawn tentacles
299 creatures vanquished.

Grand Total: 4354 creatures vanquished

Notes
Turn   | Place    | Note
-------+----------+-------------------------------------------
     0 | D:5      | Monkooky the Gnoll Delver began the quest for the Orb.
     0 | D:5      | Reached XP level 1. HP: 23/23 MP: 1/1
    55 | D:4      | Noticed a black bear
    55 | D:4      | Noticed a scorpion
    80 | D:5      | Noticed an iguana
    93 | D:5      | Found a snail-covered altar of Cheibriados.
    96 | D:5      | Became a worshipper of Cheibriados the Contemplative
   105 | D:5      | Noticed an ogre
   120 | D:5      | Found a hazy altar of Hepliaklqana.
   159 | D:5      | Noticed a hound
   199 | D:4      | HP: 1/23 [adder (3)]
   200 | D:4      | Noticed a hound
   204 | D:4      | Reached XP level 2. HP: 14/29 MP: 2/2
   210 | D:4      | Reached skill level 1 in Invocations
   210 | D:4      | Reached XP level 3. HP: 7/35 MP: 2/4
   365 | D:4      | Reached skill level 1 in Short Blades
   365 | D:4      | Reached skill level 1 in Axes
   365 | D:4      | Reached skill level 1 in Maces & Flails
   365 | D:4      | Reached skill level 1 in Polearms
   365 | D:4      | Reached skill level 1 in Staves
   365 | D:4      | Reached skill level 1 in Ranged Weapons
   365 | D:4      | Reached skill level 1 in Throwing
   365 | D:4      | Reached skill level 1 in Armour
   365 | D:4      | Reached skill level 1 in Shields
   365 | D:4      | Reached skill level 1 in Unarmed Combat
   365 | D:4      | Reached skill level 1 in Spellcasting
   365 | D:4      | Reached skill level 1 in Evocations
   380 | D:4      | Found a hide-covered altar of Uskayaw.
   538 | D:3      | Reached XP level 4. HP: 14/41 MP: 5/5
   947 | D:1      | Reached * piety under Cheibriados
  1185 | D:1      | Reached skill level 1 in Conjurations
  1185 | D:1      | Reached skill level 1 in Hexes
  1185 | D:1      | Reached skill level 1 in Summonings
  1185 | D:1      | Reached skill level 1 in Necromancy
  1185 | D:1      | Reached skill level 1 in Translocations
  1185 | D:1      | Reached skill level 1 in Transmutations
  1185 | D:1      | Reached skill level 1 in Fire Magic
  1185 | D:1      | Reached skill level 1 in Ice Magic
  1185 | D:1      | Reached skill level 1 in Air Magic
  1185 | D:1      | Reached skill level 1 in Earth Magic
  1185 | D:1      | Reached skill level 1 in Poison Magic
  1356 | D:1      | Learned a level 4 spell: Sticky Flame
  1980 | D:2      | Found a faded altar of an unknown god.
  2382 | D:3      | Found Sevymuremn's Assorted Antiques.
  2387 | D:3      | Bought a scroll labelled NIYMAX IXZUA for 23 gold pieces
  2387 | D:3      | Bought a scroll labelled SASEPA EGUR for 23 gold pieces
  2387 | D:3      | Bought a scroll labelled NUAHE HONE for 23 gold pieces
  2413 | D:3      | Reached ** piety under Cheibriados
  2501 | D:3      | Reached XP level 5. HP: 47/47 MP: 5/7
  3163 | D:3      | Found a runed translucent door.
  3164 | D:3      | Noticed Crazy Yiuf
  3180 | D:3      | Killed Crazy Yiuf
  3298 | D:4      | Noticed a kobold brigand
  3306 | D:4      | Killed a kobold brigand
  3307 | D:4      | Reached skill level 5 in Long Blades
  3307 | D:4      | Reached skill level 5 in Dodging
  3307 | D:4      | Reached XP level 6. HP: 53/53 MP: 8/8
  3365 | D:4      | Killed a black bear
  3602 | D:4      | Reached XP level 7. HP: 36/60 MP: 10/10
  4055 | D:4      | Found an ornate altar of the Wu Jian Council.
  4556 | D:5      | Reached skill level 10 in Stealth
  4590 | D:5      | Reached XP level 8. HP: 63/67 MP: 12/12
  4762 | D:5      | Reached *** piety under Cheibriados
  5607 | D:6      | Found a sand-covered staircase.
  5612 | Ossuary  | Entered an ossuary
  5630 | Ossuary  | Learned a level 5 spell: Borgnjor's Vile Clutch
  5723 | Ossuary  | Reached **** piety under Cheibriados
  5771 | Ossuary  | Noticed a silent spectre
  6039 | D:6      | Reached XP level 9. HP: 22/73 MP: 14/14
  6260 | D:6      | Learned a level 2 spell: Passwall
  7051 | D:7      | Found a staircase to the Ecumenical Temple.
  7168 | D:7      | Found Eruwkafu's Assorted Antiques.
  7202 | D:7      | Bought a shimmering golden ring for 145 gold pieces
  7202 | D:7      | Identified the ring of Razakor {Fly rPois rN+ Int+2} (You
                  | bought it in a shop on level 7 of the Dungeon)
  7202 | D:7      | Bought a scroll labelled ZIDAEB MUIRO for 29 gold pieces
  7202 | D:7      | Bought a scroll labelled KUNUONTO CATO for 29 gold pieces
  7242 | D:7      | Found a burning altar of Makhleb.
  7480 | D:7      | Noticed Duvessa
  7480 | D:7      | Noticed Dowan
  7500 | D:7      | Reached skill level 5 in Invocations
  7510 | D:7      | Killed Duvessa
  7512 | D:7      | Killed Dowan
  7773 | D:7      | Learned a level 3 spell: Inner Flame
  8057 | D:7      | Noticed Maggie
  8067 | D:7      | Killed Maggie
  8423 | D:8      | Reached skill level 5 in Short Blades
  8423 | D:8      | Reached skill level 5 in Axes
  8423 | D:8      | Reached skill level 5 in Maces & Flails
  8423 | D:8      | Reached skill level 5 in Polearms
  8423 | D:8      | Reached skill level 5 in Staves
  8423 | D:8      | Reached skill level 5 in Ranged Weapons
  8423 | D:8      | Reached skill level 5 in Throwing
  8423 | D:8      | Reached skill level 5 in Armour
  8423 | D:8      | Reached skill level 5 in Shields
  8423 | D:8      | Reached skill level 5 in Unarmed Combat
  8423 | D:8      | Reached skill level 5 in Spellcasting
  8423 | D:8      | Reached skill level 5 in Evocations
  8429 | D:8      | Reached XP level 10. HP: 77/81 MP: 17/17
  8438 | D:8      | Learned a level 3 spell: Stone Arrow
  8761 | D:8      | Found a staircase to the Lair.
  8855 | D:8      | Reached ***** piety under Cheibriados
  9498 | D:9      | Found Lublalaf's Weapon Boutique.
  9573 | D:9      | Noticed Pikel
  9748 | D:9      | Noticed Erica
  9752 | D:9      | Killed Erica
  9758 | D:9      | Killed Pikel
  9994 | D:9      | Found Qoityoxt's Distillery.
  9999 | D:9      | Bought 2 potions of heal wounds for 150 gold pieces
  9999 | D:9      | Bought a potion of degeneration for 15 gold pieces
 10128 | D:9      | Reached skill level 5 in Conjurations
 10128 | D:9      | Reached skill level 5 in Hexes
 10128 | D:9      | Reached skill level 5 in Summonings
 10128 | D:9      | Reached skill level 5 in Necromancy
 10128 | D:9      | Reached skill level 5 in Translocations
 10128 | D:9      | Reached skill level 5 in Transmutations
 10128 | D:9      | Reached skill level 5 in Fire Magic
 10128 | D:9      | Reached skill level 5 in Ice Magic
 10128 | D:9      | Reached skill level 5 in Air Magic
 10128 | D:9      | Reached skill level 5 in Earth Magic
 10128 | D:9      | Reached skill level 5 in Poison Magic
 10128 | D:9      | Reached XP level 11. HP: 80/89 MP: 18/20
 10139 | D:9      | Found Kegreun's Jewellery Shop.
 10255 | D:9      | Found Godoetog's Distillery.
 10415 | D:9      | Found Jepiphal's Armour Shop.
 10759 | D:10     | Entered Level 10 of the Dungeon
 10841 | D:10     | Found a shimmering altar of Xom.
 10864 | D:10     | Found a staircase to the Orcish Mines.
 11069 | D:10     | Found a flagged portal.
 11078 | Bailey   | Entered a bailey
 11083 | Bailey   | Noticed an orc warlord
 11166 | Bailey   | Found a runed translucent gate.
 11169 | Bailey   | Found a runed translucent gate.
 11193 | Bailey   | Found a runed translucent gate.
 11316 | Bailey   | Killed an orc warlord
 11327 | Bailey   | Identified the +2 short sword "Ilowi" {flame, rC+}
 11336 | Bailey   | Identified the +7 glaive "Roteus" {flame, rPois Str+2}
 11516 | D:10     | Acquired 1069 gold pieces
 11610 | D:9      | Bought a potion of heal wounds for 65 gold pieces
 11610 | D:9      | Bought a potion of heal wounds for 65 gold pieces
 11610 | D:9      | Bought a potion of cancellation for 104 gold pieces
 11610 | D:9      | Bought a potion of ambrosia for 104 gold pieces
 11610 | D:9      | Bought a potion of heal wounds for 65 gold pieces
 11610 | D:9      | Bought a potion of flight for 39 gold pieces
 11704 | D:10     | Noticed a two-headed ogre
 11716 | D:10     | Killed a two-headed ogre
 11789 | D:10     | Identified the +1 pair of boots of Juivoewu {Rampage
                  | *Corrode Fly Int+3}
 12171 | Lair:1   | Entered Level 1 of the Lair of Beasts
 12279 | Lair:1   | Found a transporter.
 12293 | Lair:1   | Found a gate leading to a gauntlet.
 12302 | Gauntlet | Entered a Gauntlet
 12302 | Gauntlet | Found a transporter.
 12316 | Gauntlet | Found a transporter.
 12326 | Gauntlet | Found a transporter.
 12331 | Gauntlet | Found a transporter.
 12333 | Gauntlet | Noticed a cyan ugly thing
 12333 | Gauntlet | Noticed a great orb of eyes
 12346 | Gauntlet | Found a transporter.
 12347 | Gauntlet | a snapping turtle changed into a cyclops
 12347 | Gauntlet | Noticed a cyclops (shapeshifter)
 12348 | Gauntlet | a cyclops changed into a shock serpent
 12348 | Gauntlet | Noticed a shock serpent (shapeshifter)
 12363 | Gauntlet | a torpor snail changed into a death drake
 12363 | Gauntlet | Noticed a death drake (glowing shapeshifter)
 12364 | Gauntlet | Noticed a purple ugly thing
 12365 | Gauntlet | Found a transporter.
 12365 | Gauntlet | a death drake changed into a swamp worm
 12376 | Gauntlet | Noticed a catoblepas
 12377 | Gauntlet | Found a transporter.
 12383 | Gauntlet | Found a transporter.
 12398 | Gauntlet | Found a transporter.
 12408 | Gauntlet | Noticed a blizzard demon
 12410 | Gauntlet | Found a transporter.
 12421 | Gauntlet | Noticed a hell hog
 12422 | Gauntlet | Found a transporter.
 12439 | Gauntlet | Found a transporter.
 12459 | Gauntlet | Found a transporter.
 12544 | Gauntlet | Found a transporter.
 12546 | Gauntlet | Found a transporter.
 12571 | Gauntlet | Found a transporter.
 12571 | Gauntlet | Found the +0 pair of fencer's gloves {Riposte Dex+3}
 12573 | Gauntlet | Found a transporter.
 12593 | Gauntlet | Found a transporter.
 12836 | Gauntlet | Reached XP level 12. HP: 97/97 MP: 22/22
 12892 | Gauntlet | Killed a great orb of eyes
 12902 | Gauntlet | Identified the ring of Tender Moments {+Blink rC+ Int+6
                  | Slay-6}
 12977 | Gauntlet | Noticed a minotaur
 12986 | Gauntlet | Killed a minotaur
 13000 | Gauntlet | Learned a level 5 spell: Blade Hands
 13076 | Lair:1   | Reached skill level 10 in Fighting
 13261 | Lair:1   | Acquired the +3 Elemental Staff {rElec rF++ rC++ AC+5}
 13261 | Lair:1   | Found the +3 Elemental Staff {rElec rF++ rC++ AC+5}
 13437 | Lair:1   | Found a transporter.
 13501 | Lair:1   | Learned a level 1 spell: Apportation
 13598 | Lair:1   | Noticed a boulder beetle
 13613 | Lair:1   | Killed a boulder beetle
 13897 | Lair:2   | Noticed a six-headed hydra
 14036 | Lair:2   | Found an ornate altar of the Wu Jian Council.
 14037 | Lair:2   | Noticed a boulder beetle
 14038 | Lair:2   | Found a hide-covered altar of Uskayaw.
 14056 | Lair:2   | Killed a boulder beetle
 14192 | Lair:2   | Found an opulent altar of Gozag.
 14673 | Lair:3   | Found a staircase to the Swamp.
 14884 | Lair:3   | Reached XP level 13. HP: 99/106 MP: 25/25
 14941 | Lair:3   | Found a transporter.
 15144 | Lair:3   | Found a hole to the Spider Nest.
 15185 | Lair:3   | Identified the +3 leather armour of Juuqess {MP+9 Str+2
                  | Slay-2}
 15203 | Lair:3   | Found a transporter.
 15295 | Lair:3   | Found a one-way gate to the infinite horrors of the Abyss.
 15295 | Lair:3   | Noticed BigDaddyOpFi's ghost (journeyman HOFi)
 15398 | Lair:3   | Reached ****** piety under Cheibriados
 15738 | Orc:1    | Entered Level 1 of the Orcish Mines
 15807 | Orc:1    | Found Ewkul's Book Emporium.
 16247 | Orc:2    | Entered Level 2 of the Orcish Mines
 16270 | Orc:2    | Found a staircase to the Elven Halls.
 16318 | Orc:2    | Noticed an orc warlord
 16357 | Orc:2    | Killed an orc warlord
 16358 | Orc:2    | Reached skill level 10 in Long Blades
 16358 | Orc:2    | Reached skill level 10 in Dodging
 16425 | Orc:2    | Found Kungup's Antique Weapon Shoppe.
 16429 | Orc:2    | Found Otwimiwy's Antique Armour Emporium.
 16434 | Orc:2    | Bought a shimmering buckler for 304 gold pieces
 16434 | Orc:2    | Identified the +2 buckler "Vuirhoyp" {rC+ rCorr} (You
                  | bought it in a shop on level 2 of the Orcish Mines)
 16521 | Orc:2    | Found a dark tunnel.
 16526 | Volcano  | Entered a volcano
 16877 | Orc:2    | Noticed Urug
 16885 | Orc:2    | Killed Urug
 17109 | Orc:2    | Found Xitoix's Jewellery Emporium.
 17475 | Orc:2    | Reached XP level 14. HP: 116/116 MP: 27/27
 17481 | Orc:2    | Reached skill level 10 in Invocations
 17487 | Orc:2    | Found Etilyuqi's Antique Armour Shop.
 17758 | Spider:1 | Entered Level 1 of the Spider Nest
 17859 | Spider:1 | Killed a ghost moth
 17883 | Spider:1 | Killed a ghost moth
 18451 | Lair:4   | You are sucked into a shaft and drop 1 floor!
 18451 | Lair:5   | Entered Level 5 of the Lair of Beasts
 18471 | Lair:5   | Learned a level 5 spell: Irradiate
 19427 | Lair:5   | Reached skill level 10 in Short Blades
 19427 | Lair:5   | Reached skill level 10 in Axes
 19427 | Lair:5   | Reached skill level 10 in Maces & Flails
 19427 | Lair:5   | Reached skill level 10 in Polearms
 19427 | Lair:5   | Reached skill level 10 in Staves
 19427 | Lair:5   | Reached skill level 10 in Ranged Weapons
 19427 | Lair:5   | Reached skill level 10 in Throwing
 19427 | Lair:5   | Reached skill level 10 in Armour
 19427 | Lair:5   | Reached skill level 10 in Shields
 19427 | Lair:5   | Reached skill level 10 in Unarmed Combat
 19427 | Lair:5   | Reached skill level 10 in Spellcasting
 19427 | Lair:5   | Reached skill level 10 in Evocations
 19481 | Lair:5   | Learned a level 5 spell: Yara's Violent Unravelling
 19811 | Lair:4   | Reached XP level 15. HP: 120/124 MP: 29/29
 20600 | Lair:4   | Found a staircase to the Slime Pits.
 21493 | D:12     | Learned a level 3 spell: Vhi's Electric Charge
 21500 | D:12     | Found Argheego's Magic Scroll Shoppe.
 21516 | D:12     | Bought a scroll of blinking for 97 gold pieces
 21516 | D:12     | Bought a scroll of teleportation for 39 gold pieces
 21516 | D:12     | Bought a scroll of immolation for 52 gold pieces
 21516 | D:12     | Bought a scroll of teleportation for 39 gold pieces
 21516 | D:12     | Bought a scroll of teleportation for 39 gold pieces
 22423 | D:13     | Found a runed translucent door.
 22424 | D:13     | Noticed a tengu reaver
 22431 | D:13     | Noticed a frost giant
 22432 | D:13     | Noticed a sphinx
 22983 | D:14     | Found an opulent altar of Gozag.
 24980 | Spider:2 | Reached XP level 16. HP: 116/134 MP: 30/30
 25025 | Spider:2 | You are sucked into a shaft and drop 1 floor!
 25207 | Spider:3 | Reached skill level 15 in Fighting
 26432 | Orc:2    | Bought the ring of Wariness {rN+ SInv} for 436 gold pieces
 26634 | Spider:4 | Entered Level 4 of the Spider Nest
 27606 | Spider:4 | Reached XP level 17. HP: 135/144 MP: 32/32
 27725 | Spider:4 | Reached skill level 10 in Conjurations
 27725 | Spider:4 | Reached skill level 10 in Hexes
 27725 | Spider:4 | Reached skill level 10 in Summonings
 27725 | Spider:4 | Reached skill level 10 in Necromancy
 27725 | Spider:4 | Reached skill level 10 in Translocations
 27725 | Spider:4 | Reached skill level 10 in Transmutations
 27725 | Spider:4 | Reached skill level 10 in Fire Magic
 27725 | Spider:4 | Reached skill level 10 in Ice Magic
 27725 | Spider:4 | Reached skill level 10 in Air Magic
 27725 | Spider:4 | Reached skill level 10 in Earth Magic
 27725 | Spider:4 | Reached skill level 10 in Poison Magic
 27781 | Spider:4 | Noticed Kirke
 27793 | Spider:4 | Killed Kirke
 27896 | Spider:4 | Reached skill level 15 in Stealth
 27995 | Spider:4 | Got a gossamer rune of Zot
 28371 | Swamp:1  | Entered Level 1 of the Swamp
 29414 | Swamp:2  | Identified the +6 hand axe of Propriety {freeze, rF- rCorr
                  | Int+5}
 29458 | Swamp:2  | Learned a level 2 spell: Blink
 29461 | Swamp:2  | Learned a level 2 spell: Lesser Beckoning
 29546 | Swamp:2  | Found a frozen archway.
 29564 | IceCv    | Entered an ice cave
 30073 | IceCv    | Noticed a golden dragon
 30084 | IceCv    | Killed a golden dragon
 30116 | IceCv    | Identified the ring of Heumiuph {Int+6 Dex+6}
 30415 | Swamp:2  | Identified the +8 quarterstaff of the Other Side {holy,
                  | Drain Str+4}
 30758 | Swamp:3  | Acquired a +2 hand crossbow of freezing
 30795 | Swamp:3  | Reached XP level 18. HP: 132/153 MP: 34/34
 31313 | Swamp:4  | Entered Level 4 of the Swamp
 32345 | Swamp:4  | Got a decaying rune of Zot
 33886 | D:14     | Found a gate to the Vaults.
 34213 | Elf:1    | Entered Level 1 of the Elven Halls
 34567 | Elf:1    | Found a runed translucent gate.
 34567 | Elf:1    | Found a runed translucent gate.
 34567 | Elf:1    | Found a runed translucent gate.
 34567 | Elf:1    | Found a runed translucent gate.
 34567 | Elf:1    | Found a runed translucent gate.
 34704 | Elf:1    | Reached XP level 19. HP: 156/163 MP: 36/36
 34724 | Elf:1    | Found a portal to a secret trove of treasure.
 35051 | Elf:1    | Found a runed translucent gate.
 35228 | Elf:2    | Paralysed by an air elemental for 1 turns
 35326 | Elf:2    | Noticed Jorgrun
 35333 | Elf:2    | Killed Jorgrun
 35366 | Elf:2    | Noticed Nikola
 35462 | Elf:2    | Killed Nikola
 35585 | Elf:2    | Found a runed translucent gate.
 35585 | Elf:2    | Found a runed translucent gate.
 35585 | Elf:2    | Found a runed translucent gate.
 36090 | Elf:2    | Identified the +1 ring mail of Creativity {rElec rC+ Dex+5}
 36202 | Elf:3    | Entered Level 3 of the Elven Halls
 36301 | Elf:3    | Found Dumuzuf's Armour Shoppe.
 37101 | Elf:3    | Reached skill level 15 in Invocations
 37406 | Elf:3    | Reached XP level 20. HP: 121/172 MP: 18/37
 37664 | Elf:3    | Identified the +11 rapier "Sotwio" {venom, *Rage rPois rF+
                  | rN+ Dex+3}
 37665 | Elf:3    | Identified the +6 lajatang of Modesty {heavy, Will+++
                  | Int-2}
 37665 | Elf:3    | Identified the ring of Hamaff {rPois Dex+3}
 37683 | Elf:3    | Learned a level 2 spell: Wereblood
 37817 | Elf:3    | Identified the +0 leather armour of Hide-and-Seek {-Tele
                  | Regen+ Int+3 SInv}
 38129 | Vaults:1 | Entered Level 1 of the Vaults
 38159 | Vaults:1 | Got Khufu's Tome of the Nexus
 38177 | Vaults:1 | Learned a level 6 spell: Death Channel
 38454 | Vaults:1 | Identified the +6 arbalest of Terra Cotta {drain, rPois
                  | rCorr Str-4 SInv}
 38522 | Vaults:1 | Noticed Aizul
 38534 | Vaults:1 | Killed Aizul
 38642 | Vaults:1 | Noticed Donald
 38650 | Vaults:1 | Killed Donald
 38689 | Vaults:1 | Identified the +0 arbalest of the End {freeze, rPois
                  | Will+++ MP+9 Str-5}
 38712 | Vaults:1 | Noticed Saint Roka
 38735 | Vaults:1 | Killed Saint Roka
 39167 | Vaults:1 | Noticed Asterion
 39177 | Vaults:1 | Killed Asterion
 39439 | Vaults:2 | Noticed Boris
 39729 | Vaults:2 | Found a staircase to the Crypt.
 39737 | Vaults:2 | Reached skill level 15 in Long Blades
 39737 | Vaults:2 | Reached skill level 15 in Dodging
 39944 | Vaults:2 | Gained mutation: You occasionally shout uncontrollably at
                  | your foes. [you]
 40385 | Vaults:2 | Killed Boris
 40682 | Vaults:2 | Reached skill level 15 in Shields
 41061 | Vaults:3 | Found a flickering gateway to a bazaar.
 41070 | Bazaar   | Entered a bazaar
 41070 | Bazaar   | Found Lefum's Magic Scroll Boutique.
 41075 | Bazaar   | Found Imybef's Jewellery Emporium.
 41085 | Bazaar   | Found Xuovonloze's Armour Boutique.
 41090 | Bazaar   | Found Xipyler's Magic Scroll Emporium.
 41100 | Bazaar   | Bought a scroll of blinking for 67 gold pieces
 41108 | Bazaar   | Found Daotalic's Distillery.
 41118 | Bazaar   | Bought a potion of brilliance for 60 gold pieces
 41118 | Bazaar   | Bought a potion of might for 60 gold pieces
 41129 | Bazaar   | Bought a scroll of enchant armour for 67 gold pieces
 41151 | Bazaar   | Bought a scroll of teleportation for 33 gold pieces
 41151 | Bazaar   | Bought 2 scrolls of amnesia for 88 gold pieces
 41151 | Bazaar   | Bought a scroll of teleportation for 33 gold pieces
 41151 | Bazaar   | Bought a scroll of immolation for 44 gold pieces
 41184 | Vaults:3 | Noticed Sojobo
 41194 | Vaults:3 | Learned a level 7 spell: Enfeeble
 41203 | Vaults:3 | Killed Sojobo
 41207 | Vaults:3 | Reached XP level 21. HP: 182/182 MP: 23/39
 41646 | Vaults:3 | Noticed Boris
 41660 | Vaults:3 | Killed Boris
 42629 | Vaults:3 | Learned a level 8 spell: Ignition
 42711 | Vaults:4 | Gained mutation: You occasionally lose the ability to drink
                  | potions when taking damage. [you]
 43002 | Vaults:4 | Reached skill level 15 in Short Blades
 43002 | Vaults:4 | Reached skill level 15 in Axes
 43002 | Vaults:4 | Reached skill level 15 in Maces & Flails
 43002 | Vaults:4 | Reached skill level 15 in Polearms
 43002 | Vaults:4 | Reached skill level 15 in Staves
 43002 | Vaults:4 | Reached skill level 15 in Ranged Weapons
 43002 | Vaults:4 | Reached skill level 15 in Throwing
 43002 | Vaults:4 | Reached skill level 15 in Armour
 43002 | Vaults:4 | Reached skill level 15 in Unarmed Combat
 43002 | Vaults:4 | Reached skill level 15 in Spellcasting
 43002 | Vaults:4 | Reached skill level 15 in Evocations
 43021 | Vaults:4 | Found Tudyri's Armour Boutique.
 43687 | Vaults:4 | Lost mutation: You occasionally shout uncontrollably at
                  | your foes. [potion of mutation]
 43687 | Vaults:4 | Lost mutation: You occasionally lose the ability to drink
                  | potions when taking damage. [potion of mutation]
 43687 | Vaults:4 | Gained mutation: You sometimes lose your temper in combat.
                  | [potion of mutation]
 43687 | Vaults:4 | Gained mutation: Armour fits poorly on your strangely
                  | shaped body. [potion of mutation]
 43687 | Vaults:4 | Gained mutation: You expend magic power (3 MP) to
                  | strengthen your wands. [potion of mutation]
 43688 | Vaults:4 | Lost mutation: Armour fits poorly on your strangely shaped
                  | body. [potion of mutation]
 43688 | Vaults:4 | Lost mutation: You expend magic power (3 MP) to strengthen
                  | your wands. [potion of mutation]
 43688 | Vaults:4 | Lost mutation: You sometimes lose your temper in combat.
                  | [potion of mutation]
 43688 | Vaults:4 | Gained mutation: You are partially covered in iridescent
                  | scales. (AC +2) [potion of mutation]
 43688 | Vaults:4 | Gained mutation: You have sharp toenails. [potion of
                  | mutation]
 44445 | Vaults:5 | Entered Level 5 of the Vaults
 44466 | Vaults:5 | Reached XP level 22. HP: 151/181 MP: 29/41
 44501 | Vaults:5 | Noticed Boris
 44510 | Vaults:5 | Killed Boris
 44614 | Vaults:5 | Noticed a golden dragon
 44620 | Vaults:5 | Killed a golden dragon
 44625 | Vaults:5 | Noticed a golden dragon
 44641 | Vaults:5 | Killed a golden dragon
 44761 | Vaults:5 | Identified the +1 scimitar "Goblinslayer" {speed, rPois
                  | MP-9 Str+2}
 44834 | Vaults:5 | Noticed an ancient lich
 44845 | Vaults:5 | Killed an ancient lich
 44871 | Vaults:5 | Identified the ring of Terra Nullius {Fire Int-3 Dex+6}
 45099 | Vaults:5 | Noticed an ancient lich
 45099 | Vaults:5 | Noticed a dread lich
 45109 | Vaults:5 | Killed a dread lich
 45117 | Vaults:5 | Killed an ancient lich
 45556 | Vaults:5 | Identified the +0 scimitar of Wondrous Power {drain, rPois
                  | rF++ Str-4 Stlth+}
 45611 | Vaults:5 | Noticed a dread lich
 45622 | Vaults:5 | Killed a dread lich
 45646 | Vaults:5 | Identified the +3 flail "Mogom" {heavy, Int+4}
 45812 | Vaults:5 | Noticed Frederick
 45827 | Vaults:5 | Killed Frederick
 45837 | Vaults:5 | Reached XP level 23. HP: 183/201 MP: 36/42
 45845 | Vaults:5 | Noticed an ancient lich
 45854 | Vaults:5 | Killed an ancient lich
 45888 | Vaults:5 | Got the Atlas of Flinty Confrontation
 45890 | Vaults:5 | Got a silver rune of Zot
 45891 | Vaults:5 | Identified the +1 chain mail of Funiyd {Will- Int+5}
 46621 | D:15     | Entered Level 15 of the Dungeon
 46693 | D:15     | Identified the +1 robe of Death Resistance {Will- rCorr
                  | Int+3}
 47086 | D:15     | Found a staircase to the Depths.
 47410 | Crypt:1  | Entered Level 1 of the Crypt
 47413 | Crypt:1  | Noticed a royal mummy
 47415 | Crypt:1  | Noticed Khufu
 47419 | Crypt:1  | Noticed a royal mummy
 47651 | Crypt:1  | Killed a royal mummy
 47651 | Crypt:1  | Killed Khufu
 47940 | Crypt:1  | Killed a royal mummy
 47955 | Crypt:1  | Noticed Zenata
 47971 | Crypt:1  | Killed Zenata
 47981 | Crypt:1  | Found a magical portal.
 47994 | WizLab   | Entered Wucad Mu's Monastery
 48099 | WizLab   | Found the +9 staff of Wucad Mu {*channel}
 48132 | WizLab   | Reached XP level 24. HP: 210/210 MP: 43/43
 50469 | Crypt:2  | Reached XP level 25. HP: 219/219 MP: 43/43
 50906 | Depths:1 | Entered Level 1 of the Depths
 51414 | Depths:1 | Found a gateway to Hell.
 51854 | Depths:1 | Found a runed translucent gate.
 51854 | Depths:1 | Found a runed translucent gate.
 51854 | Depths:1 | Found a runed translucent gate.
 51857 | Depths:1 | Found an ancient bone altar of Kikubaaqudgha.
 51857 | Depths:1 | Noticed an ancient lich
 51857 | Depths:1 | Noticed a dread lich
 51857 | Depths:1 | Noticed Gucom's ghost (veteran GnFi)
 51920 | Depths:1 | Killed an ancient lich
 51929 | Depths:1 | Killed Gucom's ghost
 51930 | Depths:1 | Killed a dread lich
 51935 | Depths:1 | Identified the amulet of Zouli {Acrobat *Corrode rPois
                  | Will+++ Stlth+}
 51944 | Depths:1 | Identified the +2 helmet of Voxzoxkutwo {+Blink rC+++ Str-4
                  | Dex-5}
 51948 | Depths:1 | Got Kikubaaqudgha's Precepts of the Mausoleum
 52020 | Depths:2 | Identified the ring "Ciymookuy" {Ice rElec Int+2}
 52020 | Depths:2 | Noticed Josephina
 52031 | Depths:1 | Killed Josephina
 52412 | Depths:2 | Paralysed by a floating eye for 2 turns
 52593 | Depths:2 | Identified the +0 arbalest "Leviticus" {freeze, +Blink
                  | rElec}
 52594 | Depths:2 | Identified the +1 pair of gloves of the Harvest Moon {rElec
                  | Int+4}
 52813 | Depths:2 | Found a one-way gate leading to the halls of Pandemonium.
 53684 | Depths:3 | Reached XP level 26. HP: 224/229 MP: 22/44
 54499 | Depths:3 | Found Yhoec's Weapon Shoppe.
 55513 | Depths:4 | Entered Level 4 of the Depths
 55584 | Depths:4 | Reached skill level 15 in Conjurations
 55584 | Depths:4 | Reached skill level 15 in Hexes
 55584 | Depths:4 | Reached skill level 15 in Summonings
 55584 | Depths:4 | Reached skill level 15 in Necromancy
 55584 | Depths:4 | Reached skill level 15 in Translocations
 55584 | Depths:4 | Reached skill level 15 in Transmutations
 55584 | Depths:4 | Reached skill level 15 in Fire Magic
 55584 | Depths:4 | Reached skill level 15 in Ice Magic
 55584 | Depths:4 | Reached skill level 15 in Air Magic
 55584 | Depths:4 | Reached skill level 15 in Earth Magic
 55584 | Depths:4 | Reached skill level 15 in Poison Magic
 55886 | Depths:4 | Found a gate to the Realm of Zot.
 56130 | Depths:4 | Found a one-way gateway to a ziggurat.
 56395 | Depths:4 | Identified the +11 rapier "Olygatom" {heavy, rN+ Will-
                  | Str+5}
 57192 | Lair:4   | Found a viscous altar of Jiyva.
 57213 | Slime:1  | Entered Level 1 of the Pits of Slime
 57409 | Slime:4  | Gained mutation: You are frail. (-10% HP) [a shining eye]
 57416 | Slime:5  | Entered Level 5 of the Pits of Slime
 57949 | Slime:5  | Noticed the Royal Jelly
 58014 | Slime:5  | Killed the Royal Jelly
 58492 | Slime:5  | Identified the +1 ring mail "Istrodd" {Fly rPois Int-2
                  | Slay+4}
 58507 | Slime:5  | Learned a level 4 spell: Manifold Assault
 58516 | Slime:5  | Learned a level 8 spell: Disjunction
 58528 | Slime:5  | Found the +8 Vampire's Tooth {megavamp}
 58542 | Slime:5  | Identified the ring of the Evening {Ice rElec Dex+3}
 58544 | Slime:5  | Identified the ring of Recklessness {rC- rN+ Will+ rCorr
                  | Int+6}
 58578 | Slime:5  | Got a slimy rune of Zot
 58589 | Slime:5  | Got Sif Muna's Lectures on Poison
 58619 | Slime:5  | Identified the +1 scale mail of Tender Moments {Regen+}
 58621 | Slime:5  | Identified the +9 flail of Tolexy {flame, Str+3}
 59291 | Depths:3 | Voluntarily entered the Abyss.
 59730 | Abyss:2  | Found a corrupted altar of Lugonu.
 59730 | Abyss:2  | Found a corrupted altar of Lugonu.
 59863 | Abyss:2  | Reached XP level 27. HP: 216/216 MP: 25/45
 59941 | Abyss:2  | Noticed an ancient lich
 59953 | Abyss:2  | Killed an ancient lich
 60173 | Abyss:4  | Found a corrupted altar of Lugonu.
 60311 | Abyss:4  | Got an abyssal rune of Zot
 60324 | Depths:3 | Escaped the Abyss
 60690 | Crypt:3  | Entered Level 3 of the Crypt
 60709 | Crypt:3  | Noticed an ancient lich
 60729 | Crypt:3  | Killed an ancient lich
 61360 | Crypt:3  | Noticed a royal mummy
 61377 | Crypt:3  | Killed a royal mummy
 61790 | Crypt:3  | Found a staircase to the Tomb.
 62245 | Crypt:3  | Identified the amulet of Kuoh {Regen+ Dex+3}
 62245 | Crypt:3  | Identified the amulet of Cequozil {Rampage rPois Will-
                  | Regen+ Stlth+}
 62245 | Crypt:3  | Identified the ring "Ymyask" {rN+ Str+3 Dex-3 Slay+2 SInv}
 62490 | Crypt:3  | Got Haemul's Catalogue of the Crypt
 62492 | Crypt:3  | Identified the amulet "Unia" {Faith Dex+7 Slay-3}
 63312 | Elf:1    | You paid a toll of +3 gold dragon scales to enter a
                  | treasure trove
 63313 | Trove    | Entered a treasure trove
 63318 | Trove    | Identified the amulet of the Many Friends {Reflect MP+9
                  | Dex+6 SH+5}
 63323 | Trove    | Identified the ring of Joupuw {Str+6 Dex+6}
 63325 | Trove    | Identified the ring of Mattaf {rN+ Will+ rCorr Int+3 Slay+2
                  | SInv}
 63911 | Zot:1    | Entered Level 1 of the Realm of Zot
 66026 | Zot:3    | Noticed an orb of fire
 66039 | Zot:3    | Killed an orb of fire
 66485 | Zot:3    | Identified the +1 arbalest "Ultimatum" {speed, Str+8 Dex+3
                  | SInv}
 68261 | Zot:4    | Identified the +0 ring mail of the Realm of Zot {+Blink
                  | rElec}
 68269 | Zot:4    | Noticed an orb of fire
 68277 | Zot:4    | Killed an orb of fire
 68802 | Zot:5    | Entered Level 5 of the Realm of Zot
 69260 | Pan      | Entered Pandemonium
 69312 | Pan      | Noticed Xuegud the pandemonium lord
 69319 | Pan      | Killed Xuegud the pandemonium lord
 69599 | Pan      | Gained mutation: You have hidden genetic potential. [a
                  | neqoxec]
 69636 | Pan      | Noticed Osto the pandemonium lord
 69644 | Pan      | Entered the realm of Lom Lobon.
 70443 | Pan      | Noticed Lom Lobon
 70471 | Pan      | Killed Lom Lobon
 70482 | Pan      | Got a magical rune of Zot
 71187 | Pan      | Found an opulent altar of Gozag.
 71187 | Pan      | Noticed a dread lich
 71198 | Pan      | Killed a dread lich
 71348 | Pan      | Found Ininoloo's Book Shop.
 71470 | Pan      | Found Ininoloo's Quality Elixirs.
 71475 | Pan      | Noticed Ininoloo the pandemonium lord
 71488 | Pan      | Killed Ininoloo the pandemonium lord
 71501 | Pan      | Found an opulent altar of Gozag.
 71507 | Pan      | Found Ininoloo's Demonic Rune Zone.
 71868 | Pan      | Found an opulent altar of Gozag.
 71876 | Pan      | Noticed a dread lich
 71899 | Pan      | Killed a dread lich
 71969 | Pan      | Bought Great Wizards, Vol. VII for 420 gold pieces
 72058 | Pan      | Gained mutation: You are agile. (Dex +4, Str/Int -1) [a
                  | cacodemon]
 72264 | Pan      | Bought a potion of heal wounds for 80 gold pieces
 72264 | Pan      | Bought a potion of heal wounds for 80 gold pieces
 72264 | Pan      | Bought a potion of heal wounds for 80 gold pieces
 72264 | Pan      | Bought a potion of magic for 128 gold pieces
 72264 | Pan      | Bought a potion of cancellation for 128 gold pieces
 72264 | Pan      | Bought a potion of mutation for 128 gold pieces
 72264 | Pan      | Bought a potion of mutation for 128 gold pieces
 72264 | Pan      | Bought a potion of brilliance for 64 gold pieces
 72272 | Pan      | Bought a demonic rune of Zot for 6572 gold pieces
 72294 | Pan      | Found Ininoloo's Assorted Sundries.
 72302 | Pan      | Bought a potion of heal wounds for 75 gold pieces
 72318 | Depths:3 | Escaped Pandemonium
 73293 | Pan      | Entered Pandemonium
 73303 | Pan      | Found an exit through the horrors of the Abyss.
 73424 | Pan      | Reached skill level 27 in Fighting
 73579 | Pan      | Noticed Morah the pandemonium lord
 73586 | Pan      | Killed Morah the pandemonium lord
 73610 | Pan      | Identified the ring "Loafaop" {Contam rN+++ rCorr Dex+6
                  | SInv}
 74074 | Pan      | Gained mutation: You are very agile. (Dex +8, Str/Int -2)
                  | [hidden potential]
 75047 | Depths:3 | Escaped Pandemonium
 76162 | Pan      | Entered the realm of Cerebov.
 76162 | Pan      | Entered Pandemonium
 76241 | Pan      | Learned a level 7 spell: Ozocubu's Refrigeration
 76610 | Pan      | Identified the +6 glaive of the Endless Expanse {heavy,
                  | Int+2}
 76610 | Pan      | Identified the ring "Eluod" {Drain rPois rC+ rN++}
 76712 | Pan      | Identified the +6 scimitar "Embalmer" {freeze, rC+ Int+7}
 76756 | Pan      | Found the +6 sword of Cerebov {flame}
 76756 | Pan      | Noticed Cerebov
 76756 | Pan      | Identified the amulet "Qeclitaeny" {Reflect rPois rF+ Int+3
                  | Slay-6 SH+5}
 76886 | Pan      | Killed Cerebov
 76896 | Pan      | Identified the ring "Resiadow" {rF+ Int+6}
 76899 | Pan      | Got the Incunabulum of the Petrous Glacier
 76900 | Pan      | Identified the +9 demon trident "Uqanoani" {freeze, *Slow
                  | +Blink rN++}
 76900 | Pan      | Identified the ring of Denwef {Ice rElec Will+ Dex+5
                  | Stlth-}
 77195 | Pan      | Got a fiery rune of Zot
 77456 | Pan      | Entered the realm of Mnoleg.
 77537 | Pan      | Gained mutation: Armour fits poorly on your strangely
                  | shaped body. [a neqoxec]
 78126 | Pan      | Found an exit through the horrors of the Abyss.
 78628 | Pan      | Noticed Mnoleg
 78663 | Pan      | Lost mutation: You are very agile. (Dex +8, Str/Int -2)
                  | [Mnoleg's mutagenic touch]
 78669 | Pan      | Killed Mnoleg
 78841 | Pan      | Got a glowing rune of Zot
 79089 | Pan      | Gained mutation: Your skin changes colour to match your
                  | surroundings (Stealth+). [hidden potential]
 79089 | Pan      | Lost mutation: You have hidden genetic potential. [hidden
                  | potential expressed]
 79479 | Pan      | Found a white marble altar of Elyvilon.
 80453 | Pan      | Found a glowing silver altar of Zin.
 80795 | Pan      | Lost mutation: You are frail. (-10% HP) [potion of
                  | mutation]
 80795 | Pan      | Lost mutation: Armour fits poorly on your strangely shaped
                  | body. [potion of mutation]
 80795 | Pan      | Gained mutation: Your natural rate of healing is unusually
                  | fast. [potion of mutation]
 80795 | Pan      | Lost mutation: Your skin changes colour to match your
                  | surroundings (Stealth+). [potion of mutation]
 80928 | Pan      | Gained mutation: You have razor-sharp toenails. [a
                  | cacodemon]
 81255 | Pan      | Gained mutation: Armour fits poorly on your strangely
                  | shaped body. [a cacodemon]
 81780 | Pan      | Entered the realm of Gloorx Vloq.
 81812 | Pan      | Identified the +2 chain mail "Ocoecav" {Harm MP+9}
 82555 | Pan      | Noticed Gloorx Vloq
 82561 | Pan      | Got a dark rune of Zot
 82868 | Pan      | Noticed Ackur the pandemonium lord
 82880 | Pan      | Killed Ackur the pandemonium lord
 82980 | Pan      | Found an exit through the horrors of the Abyss.
 82991 | Pan      | Took an exit into the Abyss.
 82991 | Abyss:4  | Escaped into the Abyss
 83009 | Abyss:4  | Gained mutation: A frigid envelope surrounds you and
                  | freezes all who hurt you. [a cacodemon]
 83020 | Depths:2 | Escaped the Abyss
 83091 | Hell     | Entered the Vestibule of Hell
 83092 | Hell     | Noticed Geryon
 83143 | Hell     | Killed Geryon
 83482 | Hell     | Found a gateway to the decaying netherworld of Tartarus.
 83568 | Hell     | Found a gateway to the freezing wastes of Cocytus.
 83700 | Hell     | Found a gateway to the Iron City of Dis.
 83751 | Hell     | Lost mutation: You are agile. (Dex +4, Str/Int -1) [potion
                  | of mutation]
 83751 | Hell     | Lost mutation: A frigid envelope surrounds you and freezes
                  | all who hurt you. [potion of mutation]
 83751 | Hell     | Lost mutation: Armour fits poorly on your strangely shaped
                  | body. [potion of mutation]
 83751 | Hell     | Gained mutation: Your muscles are strong. (Str +4, Int/Dex
                  | -1) [potion of mutation]
 83751 | Hell     | Gained mutation: You are partially covered in large bone
                  | plates. (SH +4) [potion of mutation]
 83751 | Hell     | Gained mutation: You have an increased reservoir of magic.
                  | (+10% MP) [potion of mutation]
 83921 | Hell     | Found a gateway to the ashen valley of Gehenna.
 84087 | Tar:1    | Entered Level 1 of Tartarus
 84200 | Geh:1    | Entered Level 1 of Gehenna
 85383 | Geh:3    | Noticed an ancient lich
 85383 | Geh:3    | Noticed an ancient lich
 85383 | Geh:3    | Noticed a dread lich
 85383 | Geh:3    | Noticed a dread lich
 85389 | Geh:3    | Killed an ancient lich
 85390 | Geh:3    | Killed an ancient lich
 85390 | Geh:3    | Killed a dread lich
 85394 | Geh:3    | Killed a dread lich
 86120 | Geh:5    | Noticed an ancient lich
 86128 | Geh:5    | Killed an ancient lich
 86464 | Geh:6    | Reached skill level 27 in Shields
 86951 | Geh:7    | Entered Level 7 of Gehenna
 88061 | Geh:7    | Found the +7 sceptre of Asmodeus
 88061 | Geh:7    | Noticed Asmodeus
 88064 | Geh:7    | Got an obsidian rune of Zot
 88240 | Coc:1    | Entered Level 1 of Cocytus
 88982 | Coc:4    | Upgraded the game from 0.30-a0-760-g5a9884bb7c to
                  | 0.30-a0-772-g5528072125
 89230 | Coc:5    | You are sucked into a shaft and drop 1 floor!
 89235 | Coc:6    | Gained mutation: Your body sometimes deteriorates upon
                  | taking damage. [you]
 89679 | Coc:7    | Entered Level 7 of Cocytus
 89826 | Coc:7    | Gained mutation: You are clumsy. (Dex -2) [you]
 90598 | Coc:7    | Noticed an ancient lich
 90607 | Coc:7    | Killed an ancient lich
 90909 | Coc:7    | Identified the ring of the Eagle {rElec rPois Will+ Int+6}
 90909 | Coc:7    | Noticed Antaeus
 90984 | Coc:7    | Identified the +5 buckler "Fatubil" {Int-3 Dex+4}
 91022 | Coc:7    | Got an icy rune of Zot
 91176 | Dis:1    | Entered Level 1 of the Iron City of Dis
 91204 | Dis:1    | Reached skill level 27 in Unarmed Combat
 91726 | Dis:3    | Noticed an ancient lich
 91740 | Dis:3    | Killed an ancient lich
 93013 | Dis:6    | Learned a level 9 spell: Shatter
 93222 | Dis:7    | Entered Level 7 of the Iron City of Dis
 93809 | Dis:7    | Noticed a dread lich
 93836 | Dis:7    | Killed a dread lich
 94273 | Dis:7    | Learned a level 6 spell: Iron Shot
 94673 | Dis:7    | Noticed a dread lich
 94678 | Dis:7    | Killed a dread lich
 95155 | Dis:7    | Noticed a juggernaut
 95166 | Dis:7    | Killed a juggernaut
 95337 | Dis:7    | Found the +4 staff of Dispater
 95337 | Dis:7    | Identified the ring "Tael" {rF+ Will+ Str-3 Slay+2}
 95337 | Dis:7    | Noticed Dispater
 95345 | Dis:7    | Got an iron rune of Zot
 95346 | Dis:7    | Identified the +0 arbalest "Newtbane" {flame, rElec Will+
                  | Str+2}
 95347 | Dis:7    | Identified the ring of Buajuw {rF- rCorr Str+2 Int+6}
 95485 | Depths:3 | Lost mutation: Your muscles are strong. (Str +4, Int/Dex
                  | -1) [potion of mutation]
 95485 | Depths:3 | Lost mutation: You are partially covered in large bone
                  | plates. (SH +4) [potion of mutation]
 95485 | Depths:3 | Gained mutation: You are covered in fur. (AC +1) [potion of
                  | mutation]
 95485 | Depths:3 | Lost mutation: You are partially covered in iridescent
                  | scales. (AC +2) [potion of mutation]
 95485 | Depths:3 | Lost mutation: You have an increased reservoir of magic.
                  | (+10% MP) [potion of mutation]
 95486 | Depths:3 | Lost mutation: Your natural rate of healing is unusually
                  | fast. [potion of mutation]
 95486 | Depths:3 | Lost mutation: You are covered in fur. (AC +1) [potion of
                  | mutation]
 95486 | Depths:3 | Gained mutation: You are strong-willed. (Will+) [potion of
                  | mutation]
 95486 | Depths:3 | Gained mutation: You are resistant to electric shocks.
                  | (rElec) [potion of mutation]
 95705 | Tar:3    | You are sucked into a shaft and drop 3 floors!
 96360 | Tar:7    | Entered Level 7 of Tartarus
 96391 | Tar:7    | Reached skill level 27 in Axes
 98232 | Tar:7    | Got a bone rune of Zot
 98234 | Tar:7    | Noticed Ereshkigal
 98686 | Tomb:1   | Entered Level 1 of the Tomb of the Ancients
 98710 | Tomb:1   | Identified the +1 long sword of the Shouting Gods {flame,
                  | rPois rC+ Str+4 Int-2}
 99020 | Tomb:1   | Noticed a royal mummy
 99306 | Tomb:1   | Noticed a royal mummy
 99309 | Tomb:1   | Noticed a royal mummy
 99309 | Tomb:1   | Noticed a royal mummy
 99312 | Tomb:1   | Killed a royal mummy
 99313 | Tomb:1   | Killed a royal mummy
 99313 | Tomb:1   | Killed a royal mummy
 99322 | Tomb:1   | Noticed a royal mummy
 99503 | Tomb:1   | Noticed a royal mummy
 99512 | Tomb:1   | Killed a royal mummy
100039 | Tomb:3   | Entered Level 3 of the Tomb of the Ancients
100077 | Tomb:3   | Noticed a royal mummy
100084 | Tomb:3   | Killed a royal mummy
100146 | Tomb:3   | Noticed a royal mummy
100153 | Tomb:3   | Killed a royal mummy
100175 | Tomb:3   | Identified the amulet "Jeokhan" {Acrobat -Cast -Tele rN+++
                  | Will+++}
100175 | Tomb:3   | Noticed a royal mummy
100180 | Tomb:3   | Noticed a royal mummy
100185 | Tomb:3   | Killed a royal mummy
100194 | Tomb:3   | Killed a royal mummy
100216 | Tomb:3   | Noticed a royal mummy
100225 | Tomb:3   | Killed a royal mummy
100252 | Tomb:3   | Noticed a royal mummy
100259 | Tomb:3   | Killed a royal mummy
100271 | Tomb:3   | Noticed a royal mummy
100282 | Tomb:3   | Killed a royal mummy
100310 | Tomb:3   | Noticed a royal mummy
100314 | Tomb:3   | Killed a royal mummy
100546 | Tomb:3   | Noticed a royal mummy
100554 | Tomb:3   | Killed a royal mummy
100670 | Tomb:3   | Identified the ring of Suspected Treachery {Will+ rCorr
                  | Str+6 Dex+2}
100671 | Tomb:3   | Identified the +6 broad axe of the Boiling Point {pain,
                  | rElec rPois Str+3 Stlth-}
100704 | Tomb:3   | Identified the ring "Ruder" {Drain rN+ Will+ Dex+6 SInv}
100734 | Tomb:3   | Identified the +1 great sword "Hon Jam" {freeze, rElec}
100913 | Tomb:3   | Got a golden rune of Zot
100973 | Tomb:1   | Noticed a royal mummy
101652 | Zot:5    | Noticed an ancient lich
101663 | Zot:5    | Noticed an orb of fire
101667 | Zot:5    | Noticed an orb of fire
101670 | Zot:5    | Killed an orb of fire
101675 | Zot:5    | Noticed an ancient lich
101675 | Zot:5    | Noticed an ancient lich
101690 | Zot:5    | Killed an ancient lich
101690 | Zot:5    | Killed an ancient lich
101691 | Zot:5    | Killed an ancient lich
101700 | Zot:5    | Got the Orb of Zot
101701 | Zot:5    | Gained mutation: You occasionally lose the ability to drink
                  | potions when taking damage. [an orb of fire]
101729 | Zot:5    | Noticed Gloorx Vloq
102358 | D:2      | Noticed a seraph
102385 | D:$      | Escaped with the Orb!

Illustrated notes

Levels and vault maps discovered:
D:1:      amcnicky_arrival_choice, layout_basic, fountainhead, minmay_tripent
D:2:      layout_basic, hellmonk_ecumenical_altar_pennies_from_heaven
D:3:      layout_basic, serial_shops, shop, kennysheep_generic_room_12,
          uniq_crazy_yiuf_cottage
D:4:      layout_gridville, nicolae_uskayaw_dance_hall,
          nzn_wu_jian_council_hall, st_stairs_2
D:5:      minmay_chambers_of_fours, layout_basic, mainiacjoe_overflow_swirl
D:6:      layout_gridville, nicolae_ossuary_entry_ruins, minivault_5,
          minmay_misc_feat_tiny, minmay_misc_feat_four_crosses
D:7:      layout_basic, marbit_many_paths, minmay_temple_entry_oklob,
          serial_shops, nicolae_shop_advertising_works
          [nicolae_subvault_shop_adworks], kennysheep_small_spiral,
          minmay_misc_feat_hallway, eino_tiny_chamber, minmay_hedge_maze,
          uniq_duvessa, uniq_maggie
D:8:      layout_basic, due_lair_maze_entry_diamond, kennysheep_nub
D:9:      layout_stronghold, serial_shops, shop, nicolae_square_shop,
          nicolae_square_shop, nicolae_shop_behind_doors, kennysheep_little_box,
          uniq_erica, uniq_pikel
D:10:     layout_cave_pools, mainiacjoe_overflow_alcove_1, hiddenorc2_lemuel,
          enter_bailey_2, wad_rectangle_vault
D:11:     layout_small_grid
D:12:     layout_loops_ring, serial_shops, nicolae_diamond_shop
D:13:     layout_cave_pools, minmay_hidden_floor
D:14:     wad_mega_maze, layout_basic, david_vaults_1,
          nicolae_gozag_seed_capital
D:15:     grunt_enter_depths_snipers, layout_small_grid, serial_park_square3
          [serial_park_minivault_5x5_7]
Lair:1:   gammafunk_cloud_chamber, layout_regular_city, gauntlet_entry_generic,
          dreamdust_mushroom_princess, nzn_sisyphean_effort, grunt_megastairs_3,
          serial_bayou_shore_b
Lair:2:   layout_long_grid, basic_altar, nzn_masters_of_martial_movement,
          infiniplex_staircase_pool_2
Lair:3:   beast_lair_carwin_large_2, layout_hall_layers,
          skrybe_swamp_entry_bodies, spider_nest_entry_web_field,
          gammafunk_ghost_abyssal_escape, serial_bayou, serial_bayou_shore_a,
          serial_bayou_ford_a, serial_bayou_pond_e, serial_bayou_pond_b
Lair:4:   cheibrodos_magma_flow, layout_long_grid, minmay_slime_entry_oklob_open
Lair:5:   hangedman_lair_tendril_chambers, layout_cave_pods
Swamp:1:  layout_basic_swamp, wheals_swamp_sinkhole
Swamp:2:  layout_basic_swamp, portal_ice_cave_entry_ice_statue_one,
          nicolae_swamp_orc_logging_accident, swamp_pool5,
          nicolae_swamp_alligator_family
Swamp:3:  layout_basic_swamp, evilmike_swamp_ruin_house_4
Swamp:4:  swamp_alternative, layout_basic_swamp
Spider:1: layout_cave_pods
Spider:2: layout_spider_delve, nicolae_spider_baby_got_redback
Spider:3: layout_spider_delve
Spider:4: hellmonk_spider_rune_endless_swarm, uniq_kirke
Slime:1:  layout_caves
Slime:2:  layout_caves, uniq_dissolution
Slime:3:  nicolae_slime_pool, layout_caves, nicolae_slime_getting_an_eyeful
Slime:4:  cheibrodos_slime_lost_civilization_9, layout_caves
Slime:5
Orc:1:    cheibrodos_orc_guarddog, layout_caves, basic_altar, serial_shops, shop
Orc:2:    grunt_orc_community_town_hall, layout_caves,
          grunt_orc_community_big_house_1, grunt_orc_community_big_house_2,
          grunt_orc_community_house_2, grunt_orc_community_house_1,
          grunt_orc_community_house_1, grunt_orc_community_house_2,
          grunt_orc_community_house_3, nicolae_volcano_entry_s_turn, uniq_urug
Elf:1:    layout_geoelf_diagonals, enter_trove_1, orc_legates
Elf:2:    nicolae_elf_blades_splatter_lattice [mumra_blade_entry_dagger],
          layout_loops_cross, uniq_jorgrun, uniq_nikola
Elf:3:    elf_hall, layout_loops_corners, serial_shops, shop, grunt_megastairs_4
Vaults:1: nicolae_vaults_circle_grid_b, ontoclasm_vaults_idyll,
          vaults_room_ringed_pool, grunt_vaults_hallway_short,
          hangedman_vaults_locks, nicolae_vaults_yaktaur_gun_rack,
          vaults_room_semicircle, vaults_room_semicircle,
          layout_vaults_big_room, uniq_saint_roka, uniq_aizul, uniq_donald,
          uniq_asterion
Vaults:2: vaults_mumra_chevron_long, minmay_crypt_entry_simple_round, v_misc_2,
          ontoclasm_vaults_ligature, v_misc_32, nicolae_vaults_back_hallway,
          v_misc_10, grunt_vaults_hallway_short, v_rooms_4,
          nicolae_vaults_network_square, nicolae_vaults_circle_grid_b,
          v_misc_13, vaults_dpeg_ring, nicolae_vaults_theta,
          ontoclasm_vaults_twist, nicolae_vaults_asterisk,
          vaults_dpeg_emergency_exit, layout_vaults_ring, uniq_boris
Vaults:3: v_alt_pattern_4, v_misc_17, v_rooms_3, hangedman_vaults_snaps,
          vaults_room_stairs_pillars, vaults_standard_mumra_x, v_alt_pattern_5,
          layout_vaults_quadrants, serial_shops, bzr_entry_water, uniq_sojobo
Vaults:4: v_misc_14, nicolae_vaults_rhombus_7, nicolae_vaults_arrows,
          nicolae_vaults_sealed_display, vaults_room_semicircle,
          vaults_room_pools, v_alt_pattern_4, ontoclasm_vaults_tryst,
          nicolae_vaults_windows_and_doors_thing, grunt_vaults_focal,
          vaults_standard_mumra_lines, vaults_standard_mumra_enter_the_diamond,
          layout_vaults_omnicross, serial_shops, shop
Vaults:5: uniq_frederick
Crypt:1:  layout_chaotic_city, infiniplex_enter_wizlab_water,
          grunt_ministairs_6, grunt_crypt_arrival_webbed,
          roderic_lattice_octagonal_star, uniq_zenata, uniq_khufu
Crypt:2:  hangedman_screamer, layout_misc_corridors, minmay_misc_feat_alley,
          amcnicky_mini_pool_small, minivault_14, amcnicky_mini_corridor_feature
Crypt:3:  due_elkab, layout_chaotic_city
Tomb:1
Tomb:2
Tomb:3
Depths:1: layout_basic, gammafunk_ghost_crypt, lightli_too_deep, abyss_entry,
          eino_curves_03, hangedman_abyss_or_decor_slice,
          hangedman_stitches_earthworm, grunt_megastairs_5
Depths:2: minmay_broken_ring, layout_cave_shapes, rand_demon_pan_entry_7,
          hell_entry, serial_sigils_hangedman_confine, uniq_josephina
Depths:3: kennysheep_bubbly, layout_honeycomb, serial_shops, shop,
          grunt_pan_entry_spiral, serial_sigils, serial_sigils_hangedman_stare,
          serial_sigils_hangedman_gnaw, serial_sigils_hangedman_clutch,
          serial_sigils_hangedman_leer, serial_sigils_hangedman_snap,
          hell_entry, abyss_entry
Depths:4: evilmike_zot_entry_diamond, layout_gridlike, enter_ziggurat_c,
          pf_coc_iceberg, nicolae_wwwww, serial_bayou_crossing, uniq_margery
Hell
Dis:1:    layout_subdivisions, minmay_strange_pillars, lemuel_dis_dragons
Dis:2:    layout_overlapping_boxes
Dis:3:    layout_gridville
Dis:4:    layout_gridville, nrook_loot_triangle, hangedman_dis_decor_tower
Dis:5:    layout_regular_city, nicolae_hells_fiendish_ambush
Dis:6:    layout_gridville, nicolae_dis_emergency_hatch
Dis:7:    dis_st
Geh:1:    nicolae_geh_symmetric_flows, layout_gehenna_pools_triple
Geh:2:    layout_gehenna_lava_caves
Geh:3:    layout_gehenna_pools_triple, nicolae_geh_liches_on_tour
Geh:4:    layout_gehenna_pools_box, gehenna_fire_generator
Geh:5:    layout_gehenna_lava_caves
Geh:6:    layout_gehenna_pools_box
Geh:7:    geh_old
Coc:1:    layout_ice_bergs
Coc:2:    layout_cocytus_delve
Coc:3:    layout_cocytus_delve, grunt_cocytus_stairs_refrigerator
Coc:4:    layout_ice_bergs
Coc:5:    layout_cocytus_water_paths
Coc:6:    layout_cocytus_delve, nicolae_hells_hurtin_island
Coc:7:    coc_old
Tar:1:    layout_honeycomb
Tar:2:    layout_catacombs
Tar:3:    layout_cathedral_of_symmetry
Tar:6:    layout_cathedral_of_symmetry, nicolae_tar_cuneiform_two
Tar:7:    tar_minmay_river
Zot:1:    layout_gridlike, grunt_megastairs_2
Zot:2:    layout_cellular_growth
Zot:3:    kennysheep_six_static_rooms, layout_cathedral_of_symmetry,
          zot_minivault_5
Zot:4:    layout_twisted_circle
Zot:5:    layout_misc_corridors

Skill      XL: |  1  2  3  4  5  6  7  8  9 10 11 12 13 14 15 16 17 18 19 20 21 22 23 24 25 26 27 |
---------------+----------------------------------------------------------------------------------+-----
Stealth        | 10 11 12 13 14 15 16 17 18 19 20 26 | 26.2
Invocations    | 1 2 3 4 5 6 7 8 9 10 11 12 13 14 15 16 17 18 19 26 | 26.9
Short Blades   | 1 2 3 5 6 7 8 9 10 11 12 13 14 15 16 17 18 24 | 24.9
Axes           | 1 2 3 5 6 7 8 9 10 11 12 13 14 15 16 17 18 27 | 27.0
Maces & Flails | 1 2 3 5 6 7 8 9 10 11 12 13 14 15 16 17 18 24 | 24.9
Polearms       | 1 2 3 5 6 7 8 9 10 11 12 13 14 15 16 17 18 24 | 24.9
Staves         | 1 2 3 5 6 7 8 9 10 11 12 13 14 15 16 17 18 25 | 25.2
Ranged Weapons | 1 2 3 5 6 7 8 9 10 11 12 13 14 15 16 17 18 24 | 24.9
Throwing       | 1 2 3 5 6 7 8 9 10 11 12 13 14 15 16 17 18 24 | 24.9
Armour         | 1 2 3 5 6 7 8 9 10 11 12 13 14 15 16 17 18 24 | 24.9
Shields        | 1 2 3 5 6 7 8 9 10 11 12 13 15 16 17 18 20 21 27 | 27.0
Unarmed Combat | 1 2 3 5 6 7 8 9 10 11 12 13 14 15 16 17 18 27 | 27.0
Spellcasting   | 1 2 3 5 6 7 8 9 10 11 12 13 14 15 16 17 18 24 | 24.9
Evocations     | 1 2 3 5 6 7 8 9 10 11 12 13 14 15 16 17 18 24 | 24.9
Conjurations   | 1 2 3 4 5 6 7 8 9 10 11 12 13 14 15 21 | 21.4
Hexes          | 1 2 3 4 5 6 7 8 9 10 11 12 13 14 15 21 | 21.4
Summonings     | 1 2 3 4 5 6 7 8 9 10 11 12 13 14 15 21 | 21.4
Necromancy     | 1 2 3 4 5 6 7 8 9 10 11 12 13 14 15 21 | 21.4
Translocations | 1 2 3 4 5 6 7 8 9 10 11 12 13 14 15 21 | 21.4
Transmutations | 1 2 3 4 5 6 7 8 9 10 11 12 13 14 15 21 | 21.4
Fire Magic     | 1 2 3 4 5 6 7 8 9 10 11 12 13 14 15 21 | 21.4
Ice Magic      | 1 2 3 4 5 6 7 8 9 10 11 12 13 14 15 21 | 21.4
Air Magic      | 1 2 3 4 5 6 7 8 9 10 11 12 13 14 15 21 | 21.4
Earth Magic    | 1 2 3 4 5 6 7 8 9 10 11 12 13 14 15 21 | 21.4
Poison Magic   | 1 2 3 4 5 6 7 8 9 10 11 12 13 14 15 21 | 21.4
Long Blades    | 5 6 7 8 9 10 11 12 13 14 15 16 17 18 25 | 25.3
Dodging        | 5 6 7 8 9 10 11 12 13 14 15 16 17 18 25 | 25.3
Fighting       | 7 8 9 11 12 13 14 15 16 17 18 19 20 21 22 23 24 27 | 27.0

Action                     |  1- 3 |  4- 6 |  7- 9 | 10-12 | 13-15 | 16-18 | 19-21 | 22-24 | 25-27 || total
---------------------------+-------+-------+-------+-------+-------+-------+-------+-------+-------++-------
  Melee: Falchion          |    21 |       |       |       |       |       |       |       |       ||    21
         Bite              |     4 |    13 |    69 |    78 |   157 |   243 |   285 |   270 |  1846 ||  2965
         Long sword        |    18 |   145 |   382 |    40 |       |       |       |       |       ||   585
         Punch             |     3 |     2 |       |     1 |       |       |       |       |       ||     6
         Morningstar       |       |       |       |   277 |       |       |       |       |       ||   277
         Staff             |       |       |       |   123 |   761 |   938 |   913 |   792 |  4675 ||  8202
         Unarmed           |       |       |       |    17 |       |       |       |       |       ||    17
         Kick              |       |       |       |       |       |       |    59 |   437 |       ||   496
         Demon blade       |       |       |       |       |       |       |       |       |     5 ||     5
   Fire: Hand crossbow     |       |       |       |       |       |    11 |    10 |       |   436 ||   457
  Throw: Dart              |       |       |    26 |    10 |     2 |       |       |       |       ||    38
         Boomerang         |       |       |       |    24 |    38 |   120 |    32 |     1 |   384 ||   599
         Javelin           |       |       |       |       |       |     1 |       |       |    37 ||    38
   Cast: Sticky Flame      |       |       |     1 |       |       |       |       |       |       ||     1
         Borgnjor's Vile C |       |       |       |     1 |     6 |    26 |    67 |    33 |   299 ||   432
         Blade Hands       |       |       |       |     1 |       |       |       |       |       ||     1
         Vhi's Electric Ch |       |       |       |       |    12 |    15 |    34 |    13 |       ||    74
         Apportation       |       |       |       |       |     3 |       |       |       |    12 ||    15
         Yara's Violent Un |       |       |       |       |       |     6 |    22 |     9 |    39 ||    76
         Lesser Beckoning  |       |       |       |       |       |       |    27 |    19 |   168 ||   214
         Irradiate         |       |       |       |       |       |       |     2 |     4 |    78 ||    84
         Death Channel     |       |       |       |       |       |       |    15 |     3 |     7 ||    25
         Wereblood         |       |       |       |       |       |       |    12 |     2 |     2 ||    16
         Blink             |       |       |       |       |       |       |     3 |     2 |    19 ||    24
         Enfeeble          |       |       |       |       |       |       |     3 |     6 |     6 ||    15
         Ignition          |       |       |       |       |       |       |       |    27 |   294 ||   321
         Manifold Assault  |       |       |       |       |       |       |       |       |    14 ||    14
         Ozocubu's Refrige |       |       |       |       |       |       |       |       |   264 ||   264
         Iron Shot         |       |       |       |       |       |       |       |       |   123 ||   123
         Shatter           |       |       |       |       |       |       |       |       |     9 ||     9
         Disjunction       |       |       |       |       |       |       |       |       |     5 ||     5
         Passwall          |       |       |       |       |       |       |       |       |     1 ||     1
 Invoke: Bend Time         |       |     1 |     1 |     1 |       |       |       |       |       ||     3
         Slouch            |       |       |     2 |     7 |    11 |    11 |    10 |     1 |     3 ||    45
         Step From Time    |       |       |       |       |       |       |       |       |     3 ||     3
Ability: Evoke Invisibilit |       |       |       |       |       |       |     1 |       |       ||     1
  Evoke: Wand              |     2 |       |     1 |    10 |     4 |     7 |       |       |    10 ||    34
         Lightning rod     |       |       |       |       |     4 |     5 |     4 |       |     4 ||    17
         Box of beasts     |       |       |       |       |       |     2 |     2 |       |     6 ||    10
         Condenser vane    |       |       |       |       |       |       |     5 |       |     6 ||    11
         Phial of floods   |       |       |       |       |       |       |       |       |     2 ||     2
         Horn of Geryon    |       |       |       |       |       |       |       |       |     4 ||     4
         Phantom mirror    |       |       |       |       |       |       |       |       |     3 ||     3
    Use: Scroll            |     3 |     3 |     4 |     7 |    11 |    12 |     4 |    11 |    50 ||   105
         Potion            |     1 |       |       |     1 |     2 |       |     5 |     1 |    56 ||    66
   Stab: Sleeping          |     2 |    28 |    21 |    20 |    44 |    28 |    33 |    11 |    68 ||   255
         Distracted        |       |       |     1 |     5 |     4 |     3 |    15 |     9 |    69 ||   106
         Petrifying        |       |       |       |       |     1 |       |       |       |       ||     1
         Confused          |       |       |       |       |       |     1 |       |       |       ||     1
         Invisible         |       |       |       |       |       |       |       |    14 |     9 ||    23
 Armour: Leather armour    |     3 |    22 |    52 |       |       |       |       |       |       ||    77
         Swamp dragon scal |       |       |    16 |   130 |   162 |   195 |   108 |    99 |   391 ||  1101
         Ring mail         |       |       |    10 |       |       |       |       |       |       ||    10
  Dodge: Dodged            |    22 |    78 |   317 |   370 |   583 |   831 |   626 |   570 |  2387 ||  5784
  Block: Buckler           |       |    30 |   214 |   260 |   453 |   539 |   495 |   408 |   191 ||  2590
         Kite shield       |       |       |       |       |       |       |       |       |  1330 ||  1330
         Reflection        |       |       |       |       |       |       |       |       |   142 ||   142
         Tower shield      |       |       |       |       |       |       |       |       |  4034 ||  4034
Riposte: Staff             |       |       |       |    44 |   295 |   325 |   271 |   212 |  2017 ||  3164
         Morningstar       |       |       |       |     4 |       |       |       |       |       ||     4
         Demon blade       |       |       |       |       |       |       |       |       |     3 ||     3

Table legend: (Time is in decaauts)
 A = Elapsed time spent in this place.
 B = Non-inter-level travel time spent in this place.
 C = Inter-level travel time spent in this place.
 D = Time resting spent in this place.
 E = Time spent auto-exploring this place.
 F = Levels seen in this place.
 G = Mean time per level.
                   A        B        C        D        E       F      G
               +--------+--------+--------+--------+--------+-----+--------+
         Total | 155569 | 131399 |  24170 |  15637 |  77418 | 114 | 1364.6 |
       Dungeon |  30536 |  23027 |   7509 |    856 |  18199 |  15 | 2035.7 |
          Lair |   9926 |   8348 |   1578 |    359 |   6504 |   5 | 1985.2 |
         Swamp |   5367 |   5055 |    312 |    516 |   3457 |   4 | 1341.8 |
   Spider Nest |   7531 |   7058 |    473 |    715 |   5207 |   4 | 1882.8 |
    Slime Pits |   2276 |   2183 |     93 |    720 |    522 |   5 |  455.2 |
  Orcish Mines |   3391 |   2688 |    703 |      0 |   2082 |   2 | 1695.5 |
   Elven Halls |   6965 |   5673 |   1292 |    351 |   4008 |   3 | 2321.7 |
        Vaults |  15394 |  12632 |   2762 |    742 |   8928 |   5 | 3078.8 |
         Crypt |   6429 |   5620 |    809 |    418 |   3848 |   3 | 2143.0 |
          Tomb |   3244 |   3094 |    150 |    970 |    566 |   3 | 1081.3 |
        Depths |  13460 |   7880 |   5580 |    237 |   6009 |   4 | 3365.0 |
          Hell |   1939 |   1419 |    520 |    249 |    618 |   1 | 1939.0 |
           Dis |   5285 |   5148 |    137 |   1609 |    582 |   7 |  755.0 |
       Gehenna |   5472 |   5075 |    397 |   1543 |   1595 |   7 |  781.7 |
       Cocytus |   3692 |   3663 |     29 |   1126 |    977 |   7 |  527.4 |
      Tartarus |   3959 |   3648 |    311 |    863 |   1430 |   5 |  791.8 |
           Zot |   9104 |   7595 |   1509 |    941 |   5209 |   5 | 1820.8 |
         Abyss |   1655 |   1655 |      0 |      0 |    898 |   5 |  331.0 |
   Pandemonium |  15790 |  15790 |      0 |   3169 |   4913 |  16 |  986.9 |
        Bazaar |    219 |    219 |      0 |      0 |     82 |   1 |  219.0 |
         Trove |     69 |     69 |      0 |      0 |      0 |   1 |   69.0 |
       Ossuary |    295 |    295 |      0 |      0 |     45 |   1 |  295.0 |
        Bailey |    690 |    690 |      0 |      0 |    269 |   1 |  690.0 |
      Ice Cave |    936 |    936 |      0 |     11 |    463 |   1 |  936.0 |
       Volcano |    333 |    333 |      0 |      0 |    206 |   1 |  333.0 |
        Wizlab |    471 |    471 |      0 |      0 |    258 |   1 |  471.0 |
      Gauntlet |   1126 |   1126 |      0 |    239 |    539 |   1 | 1126.0 |
               +--------+--------+--------+--------+--------+-----+--------+

Top non-repeatable levels by time:
Depths:1: 4600 daAuts
    D:14: 4262 daAuts
Vaults:2: 3974 daAuts
Depths:3: 3623 daAuts
   Elf:3: 3144 daAuts
Depths:2: 3096 daAuts
Vaults:1: 3048 daAuts
Vaults:5: 3033 daAuts
   Dis:7: 2913 daAuts
 Crypt:3: 2788 daAuts
Vaults:4: 2760 daAuts
   Tar:7: 2755 daAuts
    D:15: 2721 daAuts
   Zot:3: 2662 daAuts
     D:9: 2624 daAuts
